%YAML 1.1
%TAG !u! tag:unity3d.com,2011:
--- !u!1 &788973675327878980
GameObject:
  m_ObjectHideFlags: 0
  m_CorrespondingSourceObject: {fileID: 0}
  m_PrefabInstance: {fileID: 0}
  m_PrefabAsset: {fileID: 0}
  serializedVersion: 6
  m_Component:
  - component: {fileID: 2007200776896008954}
  m_Layer: 0
  m_Name: SecondoMuro
  m_TagString: Untagged
  m_Icon: {fileID: 0}
  m_NavMeshLayer: 0
  m_StaticEditorFlags: 0
  m_IsActive: 1
--- !u!4 &2007200776896008954
Transform:
  m_ObjectHideFlags: 0
  m_CorrespondingSourceObject: {fileID: 0}
  m_PrefabInstance: {fileID: 0}
  m_PrefabAsset: {fileID: 0}
  m_GameObject: {fileID: 788973675327878980}
  m_LocalRotation: {x: -0, y: -0, z: -0, w: 1}
  m_LocalPosition: {x: 0, y: 0, z: 6}
  m_LocalScale: {x: 1, y: 1, z: 1}
  m_Children:
  - {fileID: 4693398680165848679}
  - {fileID: 3715793162401728069}
  - {fileID: 2902198538707125878}
  m_Father: {fileID: 5037136947872138232}
  m_RootOrder: 6
  m_LocalEulerAnglesHint: {x: 0, y: 0, z: 0}
--- !u!1 &1824876526715364565
GameObject:
  m_ObjectHideFlags: 0
  m_CorrespondingSourceObject: {fileID: 0}
  m_PrefabInstance: {fileID: 0}
  m_PrefabAsset: {fileID: 0}
  serializedVersion: 6
  m_Component:
  - component: {fileID: 4691254853056099666}
  - component: {fileID: 8714507879647875769}
  - component: {fileID: 3077290950418685233}
  - component: {fileID: 5406246030325079837}
  m_Layer: 19
  m_Name: TargetMid1 (1)
  m_TagString: Target
  m_Icon: {fileID: 0}
  m_NavMeshLayer: 0
  m_StaticEditorFlags: 0
  m_IsActive: 1
--- !u!4 &4691254853056099666
Transform:
  m_ObjectHideFlags: 0
  m_CorrespondingSourceObject: {fileID: 0}
  m_PrefabInstance: {fileID: 0}
  m_PrefabAsset: {fileID: 0}
  m_GameObject: {fileID: 1824876526715364565}
  m_LocalRotation: {x: -0, y: -0, z: -0, w: 1}
  m_LocalPosition: {x: 4.4, y: 0, z: -4.1}
  m_LocalScale: {x: 3.2, y: 10, z: 0.5}
  m_Children: []
  m_Father: {fileID: 5866964927757604545}
  m_RootOrder: 0
  m_LocalEulerAnglesHint: {x: 0, y: 0, z: 0}
--- !u!33 &8714507879647875769
MeshFilter:
  m_ObjectHideFlags: 0
  m_CorrespondingSourceObject: {fileID: 0}
  m_PrefabInstance: {fileID: 0}
  m_PrefabAsset: {fileID: 0}
  m_GameObject: {fileID: 1824876526715364565}
  m_Mesh: {fileID: 10202, guid: 0000000000000000e000000000000000, type: 0}
--- !u!23 &3077290950418685233
MeshRenderer:
  m_ObjectHideFlags: 0
  m_CorrespondingSourceObject: {fileID: 0}
  m_PrefabInstance: {fileID: 0}
  m_PrefabAsset: {fileID: 0}
  m_GameObject: {fileID: 1824876526715364565}
  m_Enabled: 1
  m_CastShadows: 1
  m_ReceiveShadows: 1
  m_DynamicOccludee: 1
  m_MotionVectors: 1
  m_LightProbeUsage: 1
  m_ReflectionProbeUsage: 1
  m_RayTracingMode: 2
  m_RayTraceProcedural: 0
  m_RenderingLayerMask: 1
  m_RendererPriority: 0
  m_Materials:
  - {fileID: 2100000, guid: e2bf9fb42d3d7e241ae85a45a9d58ed8, type: 2}
  m_StaticBatchInfo:
    firstSubMesh: 0
    subMeshCount: 0
  m_StaticBatchRoot: {fileID: 0}
  m_ProbeAnchor: {fileID: 0}
  m_LightProbeVolumeOverride: {fileID: 0}
  m_ScaleInLightmap: 1
  m_ReceiveGI: 1
  m_PreserveUVs: 0
  m_IgnoreNormalsForChartDetection: 0
  m_ImportantGI: 0
  m_StitchLightmapSeams: 1
  m_SelectedEditorRenderState: 3
  m_MinimumChartSize: 4
  m_AutoUVMaxDistance: 0.5
  m_AutoUVMaxAngle: 89
  m_LightmapParameters: {fileID: 0}
  m_SortingLayerID: 0
  m_SortingLayer: 0
  m_SortingOrder: 0
  m_AdditionalVertexStreams: {fileID: 0}
--- !u!65 &5406246030325079837
BoxCollider:
  m_ObjectHideFlags: 0
  m_CorrespondingSourceObject: {fileID: 0}
  m_PrefabInstance: {fileID: 0}
  m_PrefabAsset: {fileID: 0}
  m_GameObject: {fileID: 1824876526715364565}
  m_Material: {fileID: 0}
  m_IsTrigger: 1
  m_Enabled: 1
  serializedVersion: 2
  m_Size: {x: 1, y: 1, z: 1}
  m_Center: {x: 0, y: 0, z: 0}
--- !u!1 &2269691603778941319
GameObject:
  m_ObjectHideFlags: 0
  m_CorrespondingSourceObject: {fileID: 0}
  m_PrefabInstance: {fileID: 0}
  m_PrefabAsset: {fileID: 0}
  serializedVersion: 6
  m_Component:
  - component: {fileID: 6470474451166630949}
  - component: {fileID: 6167845579113887709}
  - component: {fileID: 2320953673458196750}
  - component: {fileID: 4549635815301292173}
  m_Layer: 19
  m_Name: TargetMid1 (1)
  m_TagString: Target
  m_Icon: {fileID: 0}
  m_NavMeshLayer: 0
  m_StaticEditorFlags: 0
  m_IsActive: 1
--- !u!4 &6470474451166630949
Transform:
  m_ObjectHideFlags: 0
  m_CorrespondingSourceObject: {fileID: 0}
  m_PrefabInstance: {fileID: 0}
  m_PrefabAsset: {fileID: 0}
  m_GameObject: {fileID: 2269691603778941319}
  m_LocalRotation: {x: -0, y: -0, z: -0, w: 1}
  m_LocalPosition: {x: 4.4, y: 0, z: -4.1}
  m_LocalScale: {x: 3.2, y: 10, z: 0.5}
  m_Children: []
  m_Father: {fileID: 4373791303168258231}
  m_RootOrder: 0
  m_LocalEulerAnglesHint: {x: 0, y: 0, z: 0}
--- !u!33 &6167845579113887709
MeshFilter:
  m_ObjectHideFlags: 0
  m_CorrespondingSourceObject: {fileID: 0}
  m_PrefabInstance: {fileID: 0}
  m_PrefabAsset: {fileID: 0}
  m_GameObject: {fileID: 2269691603778941319}
  m_Mesh: {fileID: 10202, guid: 0000000000000000e000000000000000, type: 0}
--- !u!23 &2320953673458196750
MeshRenderer:
  m_ObjectHideFlags: 0
  m_CorrespondingSourceObject: {fileID: 0}
  m_PrefabInstance: {fileID: 0}
  m_PrefabAsset: {fileID: 0}
  m_GameObject: {fileID: 2269691603778941319}
  m_Enabled: 1
  m_CastShadows: 1
  m_ReceiveShadows: 1
  m_DynamicOccludee: 1
  m_MotionVectors: 1
  m_LightProbeUsage: 1
  m_ReflectionProbeUsage: 1
  m_RayTracingMode: 2
  m_RayTraceProcedural: 0
  m_RenderingLayerMask: 1
  m_RendererPriority: 0
  m_Materials:
  - {fileID: 2100000, guid: e2bf9fb42d3d7e241ae85a45a9d58ed8, type: 2}
  m_StaticBatchInfo:
    firstSubMesh: 0
    subMeshCount: 0
  m_StaticBatchRoot: {fileID: 0}
  m_ProbeAnchor: {fileID: 0}
  m_LightProbeVolumeOverride: {fileID: 0}
  m_ScaleInLightmap: 1
  m_ReceiveGI: 1
  m_PreserveUVs: 0
  m_IgnoreNormalsForChartDetection: 0
  m_ImportantGI: 0
  m_StitchLightmapSeams: 1
  m_SelectedEditorRenderState: 3
  m_MinimumChartSize: 4
  m_AutoUVMaxDistance: 0.5
  m_AutoUVMaxAngle: 89
  m_LightmapParameters: {fileID: 0}
  m_SortingLayerID: 0
  m_SortingLayer: 0
  m_SortingOrder: 0
  m_AdditionalVertexStreams: {fileID: 0}
--- !u!65 &4549635815301292173
BoxCollider:
  m_ObjectHideFlags: 0
  m_CorrespondingSourceObject: {fileID: 0}
  m_PrefabInstance: {fileID: 0}
  m_PrefabAsset: {fileID: 0}
  m_GameObject: {fileID: 2269691603778941319}
  m_Material: {fileID: 0}
  m_IsTrigger: 1
  m_Enabled: 1
  serializedVersion: 2
  m_Size: {x: 1, y: 1, z: 1}
  m_Center: {x: 0, y: 0, z: 0}
--- !u!1 &2557070236807145567
GameObject:
  m_ObjectHideFlags: 0
  m_CorrespondingSourceObject: {fileID: 0}
  m_PrefabInstance: {fileID: 0}
  m_PrefabAsset: {fileID: 0}
  serializedVersion: 6
  m_Component:
  - component: {fileID: 2902198538707125878}
  - component: {fileID: 53706109106701043}
  - component: {fileID: 7942323991154904657}
  - component: {fileID: 142585030346690498}
  m_Layer: 8
  m_Name: Muro (7)
  m_TagString: Muro
  m_Icon: {fileID: 0}
  m_NavMeshLayer: 0
  m_StaticEditorFlags: 0
  m_IsActive: 1
--- !u!4 &2902198538707125878
Transform:
  m_ObjectHideFlags: 0
  m_CorrespondingSourceObject: {fileID: 0}
  m_PrefabInstance: {fileID: 0}
  m_PrefabAsset: {fileID: 0}
  m_GameObject: {fileID: 2557070236807145567}
  m_LocalRotation: {x: 0, y: 0, z: 0, w: 1}
  m_LocalPosition: {x: -7.75, y: 0, z: -4.1}
  m_LocalScale: {x: 3.5, y: 10, z: 0.5}
  m_Children: []
  m_Father: {fileID: 2007200776896008954}
  m_RootOrder: 2
  m_LocalEulerAnglesHint: {x: 0, y: 0, z: 0}
--- !u!33 &53706109106701043
MeshFilter:
  m_ObjectHideFlags: 0
  m_CorrespondingSourceObject: {fileID: 0}
  m_PrefabInstance: {fileID: 0}
  m_PrefabAsset: {fileID: 0}
  m_GameObject: {fileID: 2557070236807145567}
  m_Mesh: {fileID: 10202, guid: 0000000000000000e000000000000000, type: 0}
--- !u!23 &7942323991154904657
MeshRenderer:
  m_ObjectHideFlags: 0
  m_CorrespondingSourceObject: {fileID: 0}
  m_PrefabInstance: {fileID: 0}
  m_PrefabAsset: {fileID: 0}
  m_GameObject: {fileID: 2557070236807145567}
  m_Enabled: 1
  m_CastShadows: 1
  m_ReceiveShadows: 1
  m_DynamicOccludee: 1
  m_MotionVectors: 1
  m_LightProbeUsage: 1
  m_ReflectionProbeUsage: 1
  m_RayTracingMode: 2
  m_RayTraceProcedural: 0
  m_RenderingLayerMask: 1
  m_RendererPriority: 0
  m_Materials:
  - {fileID: 2100000, guid: d25f5679ac8b89a4b9d0d6b616af1906, type: 2}
  m_StaticBatchInfo:
    firstSubMesh: 0
    subMeshCount: 0
  m_StaticBatchRoot: {fileID: 0}
  m_ProbeAnchor: {fileID: 0}
  m_LightProbeVolumeOverride: {fileID: 0}
  m_ScaleInLightmap: 1
  m_ReceiveGI: 1
  m_PreserveUVs: 0
  m_IgnoreNormalsForChartDetection: 0
  m_ImportantGI: 0
  m_StitchLightmapSeams: 1
  m_SelectedEditorRenderState: 3
  m_MinimumChartSize: 4
  m_AutoUVMaxDistance: 0.5
  m_AutoUVMaxAngle: 89
  m_LightmapParameters: {fileID: 0}
  m_SortingLayerID: 0
  m_SortingLayer: 0
  m_SortingOrder: 0
  m_AdditionalVertexStreams: {fileID: 0}
--- !u!65 &142585030346690498
BoxCollider:
  m_ObjectHideFlags: 0
  m_CorrespondingSourceObject: {fileID: 0}
  m_PrefabInstance: {fileID: 0}
  m_PrefabAsset: {fileID: 0}
  m_GameObject: {fileID: 2557070236807145567}
  m_Material: {fileID: 0}
  m_IsTrigger: 0
  m_Enabled: 1
  serializedVersion: 2
  m_Size: {x: 1, y: 1, z: 1}
  m_Center: {x: 0, y: 0, z: 0}
--- !u!1 &2822161335578712709
GameObject:
  m_ObjectHideFlags: 0
  m_CorrespondingSourceObject: {fileID: 0}
  m_PrefabInstance: {fileID: 0}
  m_PrefabAsset: {fileID: 0}
  serializedVersion: 6
  m_Component:
  - component: {fileID: 5866964927757604545}
  m_Layer: 0
  m_Name: SecondoMuro
  m_TagString: Untagged
  m_Icon: {fileID: 0}
  m_NavMeshLayer: 0
  m_StaticEditorFlags: 0
  m_IsActive: 1
--- !u!4 &5866964927757604545
Transform:
  m_ObjectHideFlags: 0
  m_CorrespondingSourceObject: {fileID: 0}
  m_PrefabInstance: {fileID: 0}
  m_PrefabAsset: {fileID: 0}
  m_GameObject: {fileID: 2822161335578712709}
  m_LocalRotation: {x: -0, y: -0, z: -0, w: 1}
  m_LocalPosition: {x: 0, y: 0, z: 6}
  m_LocalScale: {x: 1, y: 1, z: 1}
  m_Children:
  - {fileID: 4691254853056099666}
  - {fileID: 7749979787397874517}
  m_Father: {fileID: 704271913263851186}
  m_RootOrder: 1
  m_LocalEulerAnglesHint: {x: 0, y: 0, z: 0}
--- !u!1 &3836204145491023177
GameObject:
  m_ObjectHideFlags: 0
  m_CorrespondingSourceObject: {fileID: 0}
  m_PrefabInstance: {fileID: 0}
  m_PrefabAsset: {fileID: 0}
  serializedVersion: 6
  m_Component:
  - component: {fileID: 5854288850355755340}
  - component: {fileID: 8892486126003077885}
  - component: {fileID: 4899355128420718274}
  - component: {fileID: 3637152389104822603}
  m_Layer: 8
  m_Name: Muro (6)
  m_TagString: Muro
  m_Icon: {fileID: 0}
  m_NavMeshLayer: 0
  m_StaticEditorFlags: 0
  m_IsActive: 1
--- !u!4 &5854288850355755340
Transform:
  m_ObjectHideFlags: 0
  m_CorrespondingSourceObject: {fileID: 0}
  m_PrefabInstance: {fileID: 0}
  m_PrefabAsset: {fileID: 0}
  m_GameObject: {fileID: 3836204145491023177}
  m_LocalRotation: {x: 0, y: 0, z: 0, w: 1}
  m_LocalPosition: {x: 0, y: 0, z: -4.1}
  m_LocalScale: {x: 5.6, y: 10, z: 0.5}
  m_Children: []
  m_Father: {fileID: 4134961731761670193}
  m_RootOrder: 1
  m_LocalEulerAnglesHint: {x: 0, y: 0, z: 0}
--- !u!33 &8892486126003077885
MeshFilter:
  m_ObjectHideFlags: 0
  m_CorrespondingSourceObject: {fileID: 0}
  m_PrefabInstance: {fileID: 0}
  m_PrefabAsset: {fileID: 0}
  m_GameObject: {fileID: 3836204145491023177}
  m_Mesh: {fileID: 10202, guid: 0000000000000000e000000000000000, type: 0}
--- !u!23 &4899355128420718274
MeshRenderer:
  m_ObjectHideFlags: 0
  m_CorrespondingSourceObject: {fileID: 0}
  m_PrefabInstance: {fileID: 0}
  m_PrefabAsset: {fileID: 0}
  m_GameObject: {fileID: 3836204145491023177}
  m_Enabled: 1
  m_CastShadows: 1
  m_ReceiveShadows: 1
  m_DynamicOccludee: 1
  m_MotionVectors: 1
  m_LightProbeUsage: 1
  m_ReflectionProbeUsage: 1
  m_RayTracingMode: 2
  m_RayTraceProcedural: 0
  m_RenderingLayerMask: 1
  m_RendererPriority: 0
  m_Materials:
  - {fileID: 2100000, guid: d25f5679ac8b89a4b9d0d6b616af1906, type: 2}
  m_StaticBatchInfo:
    firstSubMesh: 0
    subMeshCount: 0
  m_StaticBatchRoot: {fileID: 0}
  m_ProbeAnchor: {fileID: 0}
  m_LightProbeVolumeOverride: {fileID: 0}
  m_ScaleInLightmap: 1
  m_ReceiveGI: 1
  m_PreserveUVs: 0
  m_IgnoreNormalsForChartDetection: 0
  m_ImportantGI: 0
  m_StitchLightmapSeams: 1
  m_SelectedEditorRenderState: 3
  m_MinimumChartSize: 4
  m_AutoUVMaxDistance: 0.5
  m_AutoUVMaxAngle: 89
  m_LightmapParameters: {fileID: 0}
  m_SortingLayerID: 0
  m_SortingLayer: 0
  m_SortingOrder: 0
  m_AdditionalVertexStreams: {fileID: 0}
--- !u!65 &3637152389104822603
BoxCollider:
  m_ObjectHideFlags: 0
  m_CorrespondingSourceObject: {fileID: 0}
  m_PrefabInstance: {fileID: 0}
  m_PrefabAsset: {fileID: 0}
  m_GameObject: {fileID: 3836204145491023177}
  m_Material: {fileID: 0}
  m_IsTrigger: 0
  m_Enabled: 1
  serializedVersion: 2
  m_Size: {x: 1, y: 1, z: 1}
  m_Center: {x: 0, y: 0, z: 0}
--- !u!1 &3842458505341565964
GameObject:
  m_ObjectHideFlags: 0
  m_CorrespondingSourceObject: {fileID: 0}
  m_PrefabInstance: {fileID: 0}
  m_PrefabAsset: {fileID: 0}
  serializedVersion: 6
  m_Component:
  - component: {fileID: 2911627432723317765}
  - component: {fileID: 1226089630849340341}
  - component: {fileID: 323254611285386109}
  - component: {fileID: 4301337968692776431}
  m_Layer: 8
  m_Name: Muro (4)
  m_TagString: Muro
  m_Icon: {fileID: 0}
  m_NavMeshLayer: 0
  m_StaticEditorFlags: 0
  m_IsActive: 1
--- !u!4 &2911627432723317765
Transform:
  m_ObjectHideFlags: 0
  m_CorrespondingSourceObject: {fileID: 0}
  m_PrefabInstance: {fileID: 0}
  m_PrefabAsset: {fileID: 0}
  m_GameObject: {fileID: 3842458505341565964}
  m_LocalRotation: {x: 0, y: 0, z: 0, w: 1}
  m_LocalPosition: {x: 7.75, y: 0, z: -4.1}
  m_LocalScale: {x: 3.5, y: 10, z: 0.5}
  m_Children: []
  m_Father: {fileID: 4134961731761670193}
  m_RootOrder: 0
  m_LocalEulerAnglesHint: {x: 0, y: 0, z: 0}
--- !u!33 &1226089630849340341
MeshFilter:
  m_ObjectHideFlags: 0
  m_CorrespondingSourceObject: {fileID: 0}
  m_PrefabInstance: {fileID: 0}
  m_PrefabAsset: {fileID: 0}
  m_GameObject: {fileID: 3842458505341565964}
  m_Mesh: {fileID: 10202, guid: 0000000000000000e000000000000000, type: 0}
--- !u!23 &323254611285386109
MeshRenderer:
  m_ObjectHideFlags: 0
  m_CorrespondingSourceObject: {fileID: 0}
  m_PrefabInstance: {fileID: 0}
  m_PrefabAsset: {fileID: 0}
  m_GameObject: {fileID: 3842458505341565964}
  m_Enabled: 1
  m_CastShadows: 1
  m_ReceiveShadows: 1
  m_DynamicOccludee: 1
  m_MotionVectors: 1
  m_LightProbeUsage: 1
  m_ReflectionProbeUsage: 1
  m_RayTracingMode: 2
  m_RayTraceProcedural: 0
  m_RenderingLayerMask: 1
  m_RendererPriority: 0
  m_Materials:
  - {fileID: 2100000, guid: d25f5679ac8b89a4b9d0d6b616af1906, type: 2}
  m_StaticBatchInfo:
    firstSubMesh: 0
    subMeshCount: 0
  m_StaticBatchRoot: {fileID: 0}
  m_ProbeAnchor: {fileID: 0}
  m_LightProbeVolumeOverride: {fileID: 0}
  m_ScaleInLightmap: 1
  m_ReceiveGI: 1
  m_PreserveUVs: 0
  m_IgnoreNormalsForChartDetection: 0
  m_ImportantGI: 0
  m_StitchLightmapSeams: 1
  m_SelectedEditorRenderState: 3
  m_MinimumChartSize: 4
  m_AutoUVMaxDistance: 0.5
  m_AutoUVMaxAngle: 89
  m_LightmapParameters: {fileID: 0}
  m_SortingLayerID: 0
  m_SortingLayer: 0
  m_SortingOrder: 0
  m_AdditionalVertexStreams: {fileID: 0}
--- !u!65 &4301337968692776431
BoxCollider:
  m_ObjectHideFlags: 0
  m_CorrespondingSourceObject: {fileID: 0}
  m_PrefabInstance: {fileID: 0}
  m_PrefabAsset: {fileID: 0}
  m_GameObject: {fileID: 3842458505341565964}
  m_Material: {fileID: 0}
  m_IsTrigger: 0
  m_Enabled: 1
  serializedVersion: 2
  m_Size: {x: 1, y: 1, z: 1}
  m_Center: {x: 0, y: 0, z: 0}
--- !u!1 &5029461075325278683
GameObject:
  m_ObjectHideFlags: 0
  m_CorrespondingSourceObject: {fileID: 0}
  m_PrefabInstance: {fileID: 0}
  m_PrefabAsset: {fileID: 0}
  serializedVersion: 6
  m_Component:
  - component: {fileID: 5029461075325278680}
  m_Layer: 0
  m_Name: Sotto
  m_TagString: Untagged
  m_Icon: {fileID: 0}
  m_NavMeshLayer: 0
  m_StaticEditorFlags: 0
  m_IsActive: 1
--- !u!4 &5029461075325278680
Transform:
  m_ObjectHideFlags: 0
  m_CorrespondingSourceObject: {fileID: 0}
  m_PrefabInstance: {fileID: 0}
  m_PrefabAsset: {fileID: 0}
  m_GameObject: {fileID: 5029461075325278683}
  m_LocalRotation: {x: 0, y: 0, z: 0, w: 1}
  m_LocalPosition: {x: 0, y: 0, z: 0}
  m_LocalScale: {x: 1, y: 1, z: 1}
  m_Children:
  - {fileID: 8291220786789667257}
  - {fileID: 5196908198387131613}
  - {fileID: 5380302763814789178}
  - {fileID: 8409282229773398500}
  - {fileID: 1626588445956405061}
  - {fileID: 7479948419434966080}
  - {fileID: 6186044542235043015}
  - {fileID: 580803547904637873}
  - {fileID: 3753461423279837396}
  - {fileID: 6313050601123555269}
  - {fileID: 3407925067762896149}
  - {fileID: 8407518937274729185}
  m_Father: {fileID: 5029461075644088656}
  m_RootOrder: 0
  m_LocalEulerAnglesHint: {x: 0, y: 0, z: 0}
--- !u!1 &5029461075644088659
GameObject:
  m_ObjectHideFlags: 0
  m_CorrespondingSourceObject: {fileID: 0}
  m_PrefabInstance: {fileID: 0}
  m_PrefabAsset: {fileID: 0}
  serializedVersion: 6
  m_Component:
  - component: {fileID: 5029461075644088656}
  - component: {fileID: 1139706641967527424}
  m_Layer: 0
  m_Name: PathRelazioneProfConAgenti
  m_TagString: Untagged
  m_Icon: {fileID: 0}
  m_NavMeshLayer: 0
  m_StaticEditorFlags: 0
  m_IsActive: 1
--- !u!4 &5029461075644088656
Transform:
  m_ObjectHideFlags: 0
  m_CorrespondingSourceObject: {fileID: 0}
  m_PrefabInstance: {fileID: 0}
  m_PrefabAsset: {fileID: 0}
  m_GameObject: {fileID: 5029461075644088659}
  m_LocalRotation: {x: 0, y: 0, z: 0, w: 1}
  m_LocalPosition: {x: 0, y: 0, z: 0}
  m_LocalScale: {x: 1, y: 1, z: 1}
  m_Children:
  - {fileID: 5029461075325278680}
  - {fileID: 7291152924593898546}
  - {fileID: 5037136947872138232}
  - {fileID: 704271913263851186}
  m_Father: {fileID: 0}
  m_RootOrder: 0
  m_LocalEulerAnglesHint: {x: 0, y: 0, z: 0}
--- !u!114 &1139706641967527424
MonoBehaviour:
  m_ObjectHideFlags: 0
  m_CorrespondingSourceObject: {fileID: 0}
  m_PrefabInstance: {fileID: 0}
  m_PrefabAsset: {fileID: 0}
  m_GameObject: {fileID: 5029461075644088659}
  m_Enabled: 1
  m_EditorHideFlags: 0
  m_Script: {fileID: 11500000, guid: 3eb3c8f69143d0e49a2c9ea65e35ca7b, type: 3}
  m_Name: 
  m_EditorClassIdentifier: 
  isPython: 0
  maxSteps: 600
  oggettiDaScambiare: []
  attivaUno: []
  attivaUno2: []
  OggettoDaSpostare: []
  attivi1: 1
  attivi2: 1
  scoreMedioAlTermine: 0
--- !u!1 &5273084276156337996
GameObject:
  m_ObjectHideFlags: 0
  m_CorrespondingSourceObject: {fileID: 0}
  m_PrefabInstance: {fileID: 0}
  m_PrefabAsset: {fileID: 0}
  serializedVersion: 6
  m_Component:
  - component: {fileID: 3283851923527184666}
  - component: {fileID: 2578732745022411166}
  - component: {fileID: 7799754317030882629}
  - component: {fileID: 1274108441695735594}
  m_Layer: 19
  m_Name: TargetMid1 (2)
  m_TagString: Target
  m_Icon: {fileID: 0}
  m_NavMeshLayer: 0
  m_StaticEditorFlags: 0
  m_IsActive: 1
--- !u!4 &3283851923527184666
Transform:
  m_ObjectHideFlags: 0
  m_CorrespondingSourceObject: {fileID: 0}
  m_PrefabInstance: {fileID: 0}
  m_PrefabAsset: {fileID: 0}
  m_GameObject: {fileID: 5273084276156337996}
  m_LocalRotation: {x: -0, y: -0, z: -0, w: 1}
  m_LocalPosition: {x: -4.4, y: 0, z: -4.1}
  m_LocalScale: {x: 3.2, y: 10, z: 0.5}
  m_Children: []
  m_Father: {fileID: 4373791303168258231}
  m_RootOrder: 1
  m_LocalEulerAnglesHint: {x: 0, y: 0, z: 0}
--- !u!33 &2578732745022411166
MeshFilter:
  m_ObjectHideFlags: 0
  m_CorrespondingSourceObject: {fileID: 0}
  m_PrefabInstance: {fileID: 0}
  m_PrefabAsset: {fileID: 0}
  m_GameObject: {fileID: 5273084276156337996}
  m_Mesh: {fileID: 10202, guid: 0000000000000000e000000000000000, type: 0}
--- !u!23 &7799754317030882629
MeshRenderer:
  m_ObjectHideFlags: 0
  m_CorrespondingSourceObject: {fileID: 0}
  m_PrefabInstance: {fileID: 0}
  m_PrefabAsset: {fileID: 0}
  m_GameObject: {fileID: 5273084276156337996}
  m_Enabled: 1
  m_CastShadows: 1
  m_ReceiveShadows: 1
  m_DynamicOccludee: 1
  m_MotionVectors: 1
  m_LightProbeUsage: 1
  m_ReflectionProbeUsage: 1
  m_RayTracingMode: 2
  m_RayTraceProcedural: 0
  m_RenderingLayerMask: 1
  m_RendererPriority: 0
  m_Materials:
  - {fileID: 2100000, guid: e2bf9fb42d3d7e241ae85a45a9d58ed8, type: 2}
  m_StaticBatchInfo:
    firstSubMesh: 0
    subMeshCount: 0
  m_StaticBatchRoot: {fileID: 0}
  m_ProbeAnchor: {fileID: 0}
  m_LightProbeVolumeOverride: {fileID: 0}
  m_ScaleInLightmap: 1
  m_ReceiveGI: 1
  m_PreserveUVs: 0
  m_IgnoreNormalsForChartDetection: 0
  m_ImportantGI: 0
  m_StitchLightmapSeams: 1
  m_SelectedEditorRenderState: 3
  m_MinimumChartSize: 4
  m_AutoUVMaxDistance: 0.5
  m_AutoUVMaxAngle: 89
  m_LightmapParameters: {fileID: 0}
  m_SortingLayerID: 0
  m_SortingLayer: 0
  m_SortingOrder: 0
  m_AdditionalVertexStreams: {fileID: 0}
--- !u!65 &1274108441695735594
BoxCollider:
  m_ObjectHideFlags: 0
  m_CorrespondingSourceObject: {fileID: 0}
  m_PrefabInstance: {fileID: 0}
  m_PrefabAsset: {fileID: 0}
  m_GameObject: {fileID: 5273084276156337996}
  m_Material: {fileID: 0}
  m_IsTrigger: 1
  m_Enabled: 1
  serializedVersion: 2
  m_Size: {x: 1, y: 1, z: 1}
  m_Center: {x: 0, y: 0, z: 0}
--- !u!1 &5679811111875594196
GameObject:
  m_ObjectHideFlags: 0
  m_CorrespondingSourceObject: {fileID: 0}
  m_PrefabInstance: {fileID: 0}
  m_PrefabAsset: {fileID: 0}
  serializedVersion: 6
  m_Component:
  - component: {fileID: 4693398680165848679}
  - component: {fileID: 8929501435347114352}
  - component: {fileID: 6930003780892738164}
  - component: {fileID: 8126610061757738170}
  m_Layer: 8
  m_Name: Muro (4)
  m_TagString: Muro
  m_Icon: {fileID: 0}
  m_NavMeshLayer: 0
  m_StaticEditorFlags: 0
  m_IsActive: 1
--- !u!4 &4693398680165848679
Transform:
  m_ObjectHideFlags: 0
  m_CorrespondingSourceObject: {fileID: 0}
  m_PrefabInstance: {fileID: 0}
  m_PrefabAsset: {fileID: 0}
  m_GameObject: {fileID: 5679811111875594196}
  m_LocalRotation: {x: 0, y: 0, z: 0, w: 1}
  m_LocalPosition: {x: 7.75, y: 0, z: -4.1}
  m_LocalScale: {x: 3.5, y: 10, z: 0.5}
  m_Children: []
  m_Father: {fileID: 2007200776896008954}
  m_RootOrder: 0
  m_LocalEulerAnglesHint: {x: 0, y: 0, z: 0}
--- !u!33 &8929501435347114352
MeshFilter:
  m_ObjectHideFlags: 0
  m_CorrespondingSourceObject: {fileID: 0}
  m_PrefabInstance: {fileID: 0}
  m_PrefabAsset: {fileID: 0}
  m_GameObject: {fileID: 5679811111875594196}
  m_Mesh: {fileID: 10202, guid: 0000000000000000e000000000000000, type: 0}
--- !u!23 &6930003780892738164
MeshRenderer:
  m_ObjectHideFlags: 0
  m_CorrespondingSourceObject: {fileID: 0}
  m_PrefabInstance: {fileID: 0}
  m_PrefabAsset: {fileID: 0}
  m_GameObject: {fileID: 5679811111875594196}
  m_Enabled: 1
  m_CastShadows: 1
  m_ReceiveShadows: 1
  m_DynamicOccludee: 1
  m_MotionVectors: 1
  m_LightProbeUsage: 1
  m_ReflectionProbeUsage: 1
  m_RayTracingMode: 2
  m_RayTraceProcedural: 0
  m_RenderingLayerMask: 1
  m_RendererPriority: 0
  m_Materials:
  - {fileID: 2100000, guid: d25f5679ac8b89a4b9d0d6b616af1906, type: 2}
  m_StaticBatchInfo:
    firstSubMesh: 0
    subMeshCount: 0
  m_StaticBatchRoot: {fileID: 0}
  m_ProbeAnchor: {fileID: 0}
  m_LightProbeVolumeOverride: {fileID: 0}
  m_ScaleInLightmap: 1
  m_ReceiveGI: 1
  m_PreserveUVs: 0
  m_IgnoreNormalsForChartDetection: 0
  m_ImportantGI: 0
  m_StitchLightmapSeams: 1
  m_SelectedEditorRenderState: 3
  m_MinimumChartSize: 4
  m_AutoUVMaxDistance: 0.5
  m_AutoUVMaxAngle: 89
  m_LightmapParameters: {fileID: 0}
  m_SortingLayerID: 0
  m_SortingLayer: 0
  m_SortingOrder: 0
  m_AdditionalVertexStreams: {fileID: 0}
--- !u!65 &8126610061757738170
BoxCollider:
  m_ObjectHideFlags: 0
  m_CorrespondingSourceObject: {fileID: 0}
  m_PrefabInstance: {fileID: 0}
  m_PrefabAsset: {fileID: 0}
  m_GameObject: {fileID: 5679811111875594196}
  m_Material: {fileID: 0}
  m_IsTrigger: 0
  m_Enabled: 1
  serializedVersion: 2
  m_Size: {x: 1, y: 1, z: 1}
  m_Center: {x: 0, y: 0, z: 0}
--- !u!1 &5856331336079497626
GameObject:
  m_ObjectHideFlags: 0
  m_CorrespondingSourceObject: {fileID: 0}
  m_PrefabInstance: {fileID: 0}
  m_PrefabAsset: {fileID: 0}
  serializedVersion: 6
  m_Component:
  - component: {fileID: 704271913263851186}
  m_Layer: 0
  m_Name: SottoTarget
  m_TagString: Untagged
  m_Icon: {fileID: 0}
  m_NavMeshLayer: 0
  m_StaticEditorFlags: 0
  m_IsActive: 1
--- !u!4 &704271913263851186
Transform:
  m_ObjectHideFlags: 0
  m_CorrespondingSourceObject: {fileID: 0}
  m_PrefabInstance: {fileID: 0}
  m_PrefabAsset: {fileID: 0}
  m_GameObject: {fileID: 5856331336079497626}
  m_LocalRotation: {x: -0, y: -0, z: -0, w: 1}
  m_LocalPosition: {x: 0, y: 0, z: 0}
  m_LocalScale: {x: 1, y: 1, z: 1}
  m_Children:
  - {fileID: 4373791303168258231}
  - {fileID: 5866964927757604545}
  m_Father: {fileID: 5029461075644088656}
  m_RootOrder: 3
  m_LocalEulerAnglesHint: {x: 0, y: 0, z: 0}
--- !u!1 &7275081309195020600
GameObject:
  m_ObjectHideFlags: 0
  m_CorrespondingSourceObject: {fileID: 0}
  m_PrefabInstance: {fileID: 0}
  m_PrefabAsset: {fileID: 0}
  serializedVersion: 6
  m_Component:
  - component: {fileID: 4373791303168258231}
  m_Layer: 0
  m_Name: PrimoMuro
  m_TagString: Untagged
  m_Icon: {fileID: 0}
  m_NavMeshLayer: 0
  m_StaticEditorFlags: 0
  m_IsActive: 1
--- !u!4 &4373791303168258231
Transform:
  m_ObjectHideFlags: 0
  m_CorrespondingSourceObject: {fileID: 0}
  m_PrefabInstance: {fileID: 0}
  m_PrefabAsset: {fileID: 0}
  m_GameObject: {fileID: 7275081309195020600}
  m_LocalRotation: {x: -0, y: -0, z: -0, w: 1}
  m_LocalPosition: {x: 0, y: 0, z: 0}
  m_LocalScale: {x: 1, y: 1, z: 1}
  m_Children:
  - {fileID: 6470474451166630949}
  - {fileID: 3283851923527184666}
  m_Father: {fileID: 704271913263851186}
  m_RootOrder: 0
  m_LocalEulerAnglesHint: {x: 0, y: 0, z: 0}
--- !u!1 &7281283169569735873
GameObject:
  m_ObjectHideFlags: 0
  m_CorrespondingSourceObject: {fileID: 0}
  m_PrefabInstance: {fileID: 0}
  m_PrefabAsset: {fileID: 0}
  serializedVersion: 6
  m_Component:
  - component: {fileID: 3715793162401728069}
  - component: {fileID: 2940775975501869055}
  - component: {fileID: 959450998822452632}
  - component: {fileID: 5282551739618729808}
  m_Layer: 8
  m_Name: Muro (6)
  m_TagString: Muro
  m_Icon: {fileID: 0}
  m_NavMeshLayer: 0
  m_StaticEditorFlags: 0
  m_IsActive: 1
--- !u!4 &3715793162401728069
Transform:
  m_ObjectHideFlags: 0
  m_CorrespondingSourceObject: {fileID: 0}
  m_PrefabInstance: {fileID: 0}
  m_PrefabAsset: {fileID: 0}
  m_GameObject: {fileID: 7281283169569735873}
  m_LocalRotation: {x: 0, y: 0, z: 0, w: 1}
  m_LocalPosition: {x: 0, y: 0, z: -4.1}
  m_LocalScale: {x: 5.6, y: 10, z: 0.5}
  m_Children: []
  m_Father: {fileID: 2007200776896008954}
  m_RootOrder: 1
  m_LocalEulerAnglesHint: {x: 0, y: 0, z: 0}
--- !u!33 &2940775975501869055
MeshFilter:
  m_ObjectHideFlags: 0
  m_CorrespondingSourceObject: {fileID: 0}
  m_PrefabInstance: {fileID: 0}
  m_PrefabAsset: {fileID: 0}
  m_GameObject: {fileID: 7281283169569735873}
  m_Mesh: {fileID: 10202, guid: 0000000000000000e000000000000000, type: 0}
--- !u!23 &959450998822452632
MeshRenderer:
  m_ObjectHideFlags: 0
  m_CorrespondingSourceObject: {fileID: 0}
  m_PrefabInstance: {fileID: 0}
  m_PrefabAsset: {fileID: 0}
  m_GameObject: {fileID: 7281283169569735873}
  m_Enabled: 1
  m_CastShadows: 1
  m_ReceiveShadows: 1
  m_DynamicOccludee: 1
  m_MotionVectors: 1
  m_LightProbeUsage: 1
  m_ReflectionProbeUsage: 1
  m_RayTracingMode: 2
  m_RayTraceProcedural: 0
  m_RenderingLayerMask: 1
  m_RendererPriority: 0
  m_Materials:
  - {fileID: 2100000, guid: d25f5679ac8b89a4b9d0d6b616af1906, type: 2}
  m_StaticBatchInfo:
    firstSubMesh: 0
    subMeshCount: 0
  m_StaticBatchRoot: {fileID: 0}
  m_ProbeAnchor: {fileID: 0}
  m_LightProbeVolumeOverride: {fileID: 0}
  m_ScaleInLightmap: 1
  m_ReceiveGI: 1
  m_PreserveUVs: 0
  m_IgnoreNormalsForChartDetection: 0
  m_ImportantGI: 0
  m_StitchLightmapSeams: 1
  m_SelectedEditorRenderState: 3
  m_MinimumChartSize: 4
  m_AutoUVMaxDistance: 0.5
  m_AutoUVMaxAngle: 89
  m_LightmapParameters: {fileID: 0}
  m_SortingLayerID: 0
  m_SortingLayer: 0
  m_SortingOrder: 0
  m_AdditionalVertexStreams: {fileID: 0}
--- !u!65 &5282551739618729808
BoxCollider:
  m_ObjectHideFlags: 0
  m_CorrespondingSourceObject: {fileID: 0}
  m_PrefabInstance: {fileID: 0}
  m_PrefabAsset: {fileID: 0}
  m_GameObject: {fileID: 7281283169569735873}
  m_Material: {fileID: 0}
  m_IsTrigger: 0
  m_Enabled: 1
  serializedVersion: 2
  m_Size: {x: 1, y: 1, z: 1}
  m_Center: {x: 0, y: 0, z: 0}
--- !u!1 &7291152924593898547
GameObject:
  m_ObjectHideFlags: 0
  m_CorrespondingSourceObject: {fileID: 0}
  m_PrefabInstance: {fileID: 0}
  m_PrefabAsset: {fileID: 0}
  serializedVersion: 6
  m_Component:
  - component: {fileID: 7291152924593898546}
  m_Layer: 0
  m_Name: Obiettivi
  m_TagString: Untagged
  m_Icon: {fileID: 0}
  m_NavMeshLayer: 0
  m_StaticEditorFlags: 0
  m_IsActive: 1
--- !u!4 &7291152924593898546
Transform:
  m_ObjectHideFlags: 0
  m_CorrespondingSourceObject: {fileID: 0}
  m_PrefabInstance: {fileID: 0}
  m_PrefabAsset: {fileID: 0}
  m_GameObject: {fileID: 7291152924593898547}
  m_LocalRotation: {x: -0, y: -0, z: -0, w: 1}
  m_LocalPosition: {x: 0, y: 0, z: 0}
  m_LocalScale: {x: 1, y: 1, z: 1}
  m_Children:
  - {fileID: 214084993099158070}
  m_Father: {fileID: 5029461075644088656}
  m_RootOrder: 1
  m_LocalEulerAnglesHint: {x: 0, y: 0, z: 0}
--- !u!1 &7319966224418801590
GameObject:
  m_ObjectHideFlags: 0
  m_CorrespondingSourceObject: {fileID: 0}
  m_PrefabInstance: {fileID: 0}
  m_PrefabAsset: {fileID: 0}
  serializedVersion: 6
  m_Component:
  - component: {fileID: 4134961731761670193}
  m_Layer: 0
  m_Name: PrimoMuro
  m_TagString: Untagged
  m_Icon: {fileID: 0}
  m_NavMeshLayer: 0
  m_StaticEditorFlags: 0
  m_IsActive: 1
--- !u!4 &4134961731761670193
Transform:
  m_ObjectHideFlags: 0
  m_CorrespondingSourceObject: {fileID: 0}
  m_PrefabInstance: {fileID: 0}
  m_PrefabAsset: {fileID: 0}
  m_GameObject: {fileID: 7319966224418801590}
  m_LocalRotation: {x: -0, y: -0, z: -0, w: 1}
  m_LocalPosition: {x: 0, y: 0, z: 0}
  m_LocalScale: {x: 1, y: 1, z: 1}
  m_Children:
  - {fileID: 2911627432723317765}
  - {fileID: 5854288850355755340}
  - {fileID: 5722335439884386044}
  m_Father: {fileID: 5037136947872138232}
  m_RootOrder: 5
  m_LocalEulerAnglesHint: {x: 0, y: 0, z: 0}
--- !u!1 &8250895004364867966
GameObject:
  m_ObjectHideFlags: 0
  m_CorrespondingSourceObject: {fileID: 0}
  m_PrefabInstance: {fileID: 0}
  m_PrefabAsset: {fileID: 0}
  serializedVersion: 6
  m_Component:
  - component: {fileID: 7749979787397874517}
  - component: {fileID: 5674412213064995335}
  - component: {fileID: 7800704115567729062}
  - component: {fileID: 2063891682868114357}
  m_Layer: 19
  m_Name: TargetMid1 (2)
  m_TagString: Target
  m_Icon: {fileID: 0}
  m_NavMeshLayer: 0
  m_StaticEditorFlags: 0
  m_IsActive: 1
--- !u!4 &7749979787397874517
Transform:
  m_ObjectHideFlags: 0
  m_CorrespondingSourceObject: {fileID: 0}
  m_PrefabInstance: {fileID: 0}
  m_PrefabAsset: {fileID: 0}
  m_GameObject: {fileID: 8250895004364867966}
  m_LocalRotation: {x: -0, y: -0, z: -0, w: 1}
  m_LocalPosition: {x: -4.4, y: 0, z: -4.1}
  m_LocalScale: {x: 3.2, y: 10, z: 0.5}
  m_Children: []
  m_Father: {fileID: 5866964927757604545}
  m_RootOrder: 1
  m_LocalEulerAnglesHint: {x: 0, y: 0, z: 0}
--- !u!33 &5674412213064995335
MeshFilter:
  m_ObjectHideFlags: 0
  m_CorrespondingSourceObject: {fileID: 0}
  m_PrefabInstance: {fileID: 0}
  m_PrefabAsset: {fileID: 0}
  m_GameObject: {fileID: 8250895004364867966}
  m_Mesh: {fileID: 10202, guid: 0000000000000000e000000000000000, type: 0}
--- !u!23 &7800704115567729062
MeshRenderer:
  m_ObjectHideFlags: 0
  m_CorrespondingSourceObject: {fileID: 0}
  m_PrefabInstance: {fileID: 0}
  m_PrefabAsset: {fileID: 0}
  m_GameObject: {fileID: 8250895004364867966}
  m_Enabled: 1
  m_CastShadows: 1
  m_ReceiveShadows: 1
  m_DynamicOccludee: 1
  m_MotionVectors: 1
  m_LightProbeUsage: 1
  m_ReflectionProbeUsage: 1
  m_RayTracingMode: 2
  m_RayTraceProcedural: 0
  m_RenderingLayerMask: 1
  m_RendererPriority: 0
  m_Materials:
  - {fileID: 2100000, guid: e2bf9fb42d3d7e241ae85a45a9d58ed8, type: 2}
  m_StaticBatchInfo:
    firstSubMesh: 0
    subMeshCount: 0
  m_StaticBatchRoot: {fileID: 0}
  m_ProbeAnchor: {fileID: 0}
  m_LightProbeVolumeOverride: {fileID: 0}
  m_ScaleInLightmap: 1
  m_ReceiveGI: 1
  m_PreserveUVs: 0
  m_IgnoreNormalsForChartDetection: 0
  m_ImportantGI: 0
  m_StitchLightmapSeams: 1
  m_SelectedEditorRenderState: 3
  m_MinimumChartSize: 4
  m_AutoUVMaxDistance: 0.5
  m_AutoUVMaxAngle: 89
  m_LightmapParameters: {fileID: 0}
  m_SortingLayerID: 0
  m_SortingLayer: 0
  m_SortingOrder: 0
  m_AdditionalVertexStreams: {fileID: 0}
--- !u!65 &2063891682868114357
BoxCollider:
  m_ObjectHideFlags: 0
  m_CorrespondingSourceObject: {fileID: 0}
  m_PrefabInstance: {fileID: 0}
  m_PrefabAsset: {fileID: 0}
  m_GameObject: {fileID: 8250895004364867966}
  m_Material: {fileID: 0}
  m_IsTrigger: 1
  m_Enabled: 1
  serializedVersion: 2
  m_Size: {x: 1, y: 1, z: 1}
  m_Center: {x: 0, y: 0, z: 0}
--- !u!1 &8460590826859984481
GameObject:
  m_ObjectHideFlags: 0
  m_CorrespondingSourceObject: {fileID: 0}
  m_PrefabInstance: {fileID: 0}
  m_PrefabAsset: {fileID: 0}
  serializedVersion: 6
  m_Component:
  - component: {fileID: 5722335439884386044}
  - component: {fileID: 1068693623344887157}
  - component: {fileID: 3482511050385411505}
  - component: {fileID: 5511789469768254070}
  m_Layer: 8
  m_Name: Muro (7)
  m_TagString: Muro
  m_Icon: {fileID: 0}
  m_NavMeshLayer: 0
  m_StaticEditorFlags: 0
  m_IsActive: 1
--- !u!4 &5722335439884386044
Transform:
  m_ObjectHideFlags: 0
  m_CorrespondingSourceObject: {fileID: 0}
  m_PrefabInstance: {fileID: 0}
  m_PrefabAsset: {fileID: 0}
  m_GameObject: {fileID: 8460590826859984481}
  m_LocalRotation: {x: 0, y: 0, z: 0, w: 1}
  m_LocalPosition: {x: -7.75, y: 0, z: -4.1}
  m_LocalScale: {x: 3.5, y: 10, z: 0.5}
  m_Children: []
  m_Father: {fileID: 4134961731761670193}
  m_RootOrder: 2
  m_LocalEulerAnglesHint: {x: 0, y: 0, z: 0}
--- !u!33 &1068693623344887157
MeshFilter:
  m_ObjectHideFlags: 0
  m_CorrespondingSourceObject: {fileID: 0}
  m_PrefabInstance: {fileID: 0}
  m_PrefabAsset: {fileID: 0}
  m_GameObject: {fileID: 8460590826859984481}
  m_Mesh: {fileID: 10202, guid: 0000000000000000e000000000000000, type: 0}
--- !u!23 &3482511050385411505
MeshRenderer:
  m_ObjectHideFlags: 0
  m_CorrespondingSourceObject: {fileID: 0}
  m_PrefabInstance: {fileID: 0}
  m_PrefabAsset: {fileID: 0}
  m_GameObject: {fileID: 8460590826859984481}
  m_Enabled: 1
  m_CastShadows: 1
  m_ReceiveShadows: 1
  m_DynamicOccludee: 1
  m_MotionVectors: 1
  m_LightProbeUsage: 1
  m_ReflectionProbeUsage: 1
  m_RayTracingMode: 2
  m_RayTraceProcedural: 0
  m_RenderingLayerMask: 1
  m_RendererPriority: 0
  m_Materials:
  - {fileID: 2100000, guid: d25f5679ac8b89a4b9d0d6b616af1906, type: 2}
  m_StaticBatchInfo:
    firstSubMesh: 0
    subMeshCount: 0
  m_StaticBatchRoot: {fileID: 0}
  m_ProbeAnchor: {fileID: 0}
  m_LightProbeVolumeOverride: {fileID: 0}
  m_ScaleInLightmap: 1
  m_ReceiveGI: 1
  m_PreserveUVs: 0
  m_IgnoreNormalsForChartDetection: 0
  m_ImportantGI: 0
  m_StitchLightmapSeams: 1
  m_SelectedEditorRenderState: 3
  m_MinimumChartSize: 4
  m_AutoUVMaxDistance: 0.5
  m_AutoUVMaxAngle: 89
  m_LightmapParameters: {fileID: 0}
  m_SortingLayerID: 0
  m_SortingLayer: 0
  m_SortingOrder: 0
  m_AdditionalVertexStreams: {fileID: 0}
--- !u!65 &5511789469768254070
BoxCollider:
  m_ObjectHideFlags: 0
  m_CorrespondingSourceObject: {fileID: 0}
  m_PrefabInstance: {fileID: 0}
  m_PrefabAsset: {fileID: 0}
  m_GameObject: {fileID: 8460590826859984481}
  m_Material: {fileID: 0}
  m_IsTrigger: 0
  m_Enabled: 1
  serializedVersion: 2
  m_Size: {x: 1, y: 1, z: 1}
  m_Center: {x: 0, y: 0, z: 0}
--- !u!1 &9123313871926003520
GameObject:
  m_ObjectHideFlags: 0
  m_CorrespondingSourceObject: {fileID: 0}
  m_PrefabInstance: {fileID: 0}
  m_PrefabAsset: {fileID: 0}
  serializedVersion: 6
  m_Component:
  - component: {fileID: 214084993099158070}
  - component: {fileID: 2828816607246437144}
  - component: {fileID: 3977190582939377265}
  - component: {fileID: 8396284219880956672}
  m_Layer: 17
  m_Name: TargetFine1
  m_TagString: Target
  m_Icon: {fileID: 0}
  m_NavMeshLayer: 0
  m_StaticEditorFlags: 0
  m_IsActive: 1
--- !u!4 &214084993099158070
Transform:
  m_ObjectHideFlags: 0
  m_CorrespondingSourceObject: {fileID: 0}
  m_PrefabInstance: {fileID: 0}
  m_PrefabAsset: {fileID: 0}
  m_GameObject: {fileID: 9123313871926003520}
  m_LocalRotation: {x: 0, y: 0, z: 0, w: 1}
  m_LocalPosition: {x: 0, y: 0, z: 7.75}
  m_LocalScale: {x: 1.55, y: 10, z: 1.575}
  m_Children: []
  m_Father: {fileID: 7291152924593898546}
  m_RootOrder: 0
  m_LocalEulerAnglesHint: {x: 0, y: 0, z: 0}
--- !u!33 &2828816607246437144
MeshFilter:
  m_ObjectHideFlags: 0
  m_CorrespondingSourceObject: {fileID: 0}
  m_PrefabInstance: {fileID: 0}
  m_PrefabAsset: {fileID: 0}
  m_GameObject: {fileID: 9123313871926003520}
  m_Mesh: {fileID: 10202, guid: 0000000000000000e000000000000000, type: 0}
--- !u!23 &3977190582939377265
MeshRenderer:
  m_ObjectHideFlags: 0
  m_CorrespondingSourceObject: {fileID: 0}
  m_PrefabInstance: {fileID: 0}
  m_PrefabAsset: {fileID: 0}
  m_GameObject: {fileID: 9123313871926003520}
  m_Enabled: 1
  m_CastShadows: 1
  m_ReceiveShadows: 1
  m_DynamicOccludee: 1
  m_MotionVectors: 1
  m_LightProbeUsage: 1
  m_ReflectionProbeUsage: 1
  m_RayTracingMode: 2
  m_RayTraceProcedural: 0
  m_RenderingLayerMask: 1
  m_RendererPriority: 0
  m_Materials:
  - {fileID: 2100000, guid: e2bf9fb42d3d7e241ae85a45a9d58ed8, type: 2}
  m_StaticBatchInfo:
    firstSubMesh: 0
    subMeshCount: 0
  m_StaticBatchRoot: {fileID: 0}
  m_ProbeAnchor: {fileID: 0}
  m_LightProbeVolumeOverride: {fileID: 0}
  m_ScaleInLightmap: 1
  m_ReceiveGI: 1
  m_PreserveUVs: 0
  m_IgnoreNormalsForChartDetection: 0
  m_ImportantGI: 0
  m_StitchLightmapSeams: 1
  m_SelectedEditorRenderState: 3
  m_MinimumChartSize: 4
  m_AutoUVMaxDistance: 0.5
  m_AutoUVMaxAngle: 89
  m_LightmapParameters: {fileID: 0}
  m_SortingLayerID: 0
  m_SortingLayer: 0
  m_SortingOrder: 0
  m_AdditionalVertexStreams: {fileID: 0}
--- !u!65 &8396284219880956672
BoxCollider:
  m_ObjectHideFlags: 0
  m_CorrespondingSourceObject: {fileID: 0}
  m_PrefabInstance: {fileID: 0}
  m_PrefabAsset: {fileID: 0}
  m_GameObject: {fileID: 9123313871926003520}
  m_Material: {fileID: 0}
  m_IsTrigger: 1
  m_Enabled: 1
  serializedVersion: 2
  m_Size: {x: 1, y: 1, z: 1}
  m_Center: {x: 0, y: 0, z: 0}
--- !u!1001 &77526290573122238
PrefabInstance:
  m_ObjectHideFlags: 0
  serializedVersion: 2
  m_Modification:
    m_TransformParent: {fileID: 5029461075325278680}
    m_Modifications:
    - target: {fileID: 8215472406520892164, guid: 3443e57991823a14b8dc5f50b52c3146, type: 3}
      propertyPath: m_Name
      value: RLAgentNewPF
      objectReference: {fileID: 0}
    - target: {fileID: 8215472406520892164, guid: 3443e57991823a14b8dc5f50b52c3146, type: 3}
      propertyPath: m_IsActive
      value: 0
      objectReference: {fileID: 0}
    - target: {fileID: 8215472406520892167, guid: 3443e57991823a14b8dc5f50b52c3146, type: 3}
      propertyPath: m_RootOrder
      value: 0
      objectReference: {fileID: 0}
    - target: {fileID: 8215472406520892167, guid: 3443e57991823a14b8dc5f50b52c3146, type: 3}
      propertyPath: m_LocalPosition.x
      value: -5.05
      objectReference: {fileID: 0}
    - target: {fileID: 8215472406520892167, guid: 3443e57991823a14b8dc5f50b52c3146, type: 3}
      propertyPath: m_LocalPosition.y
      value: 0
      objectReference: {fileID: 0}
    - target: {fileID: 8215472406520892167, guid: 3443e57991823a14b8dc5f50b52c3146, type: 3}
      propertyPath: m_LocalPosition.z
      value: -6.53
      objectReference: {fileID: 0}
    - target: {fileID: 8215472406520892167, guid: 3443e57991823a14b8dc5f50b52c3146, type: 3}
      propertyPath: m_LocalRotation.w
      value: 1
      objectReference: {fileID: 0}
    - target: {fileID: 8215472406520892167, guid: 3443e57991823a14b8dc5f50b52c3146, type: 3}
      propertyPath: m_LocalRotation.x
      value: 0
      objectReference: {fileID: 0}
    - target: {fileID: 8215472406520892167, guid: 3443e57991823a14b8dc5f50b52c3146, type: 3}
      propertyPath: m_LocalRotation.y
      value: 0
      objectReference: {fileID: 0}
    - target: {fileID: 8215472406520892167, guid: 3443e57991823a14b8dc5f50b52c3146, type: 3}
      propertyPath: m_LocalRotation.z
      value: 0
      objectReference: {fileID: 0}
    - target: {fileID: 8215472406520892167, guid: 3443e57991823a14b8dc5f50b52c3146, type: 3}
      propertyPath: m_LocalEulerAnglesHint.x
      value: 0
      objectReference: {fileID: 0}
    - target: {fileID: 8215472406520892167, guid: 3443e57991823a14b8dc5f50b52c3146, type: 3}
      propertyPath: m_LocalEulerAnglesHint.y
      value: 0
      objectReference: {fileID: 0}
    - target: {fileID: 8215472406520892167, guid: 3443e57991823a14b8dc5f50b52c3146, type: 3}
      propertyPath: m_LocalEulerAnglesHint.z
      value: 0
      objectReference: {fileID: 0}
    - target: {fileID: 8291653784874975685, guid: 3443e57991823a14b8dc5f50b52c3146, type: 3}
      propertyPath: targetFinaleGO
      value: 
      objectReference: {fileID: 9123313871926003520}
    m_RemovedComponents: []
  m_SourcePrefab: {fileID: 100100000, guid: 3443e57991823a14b8dc5f50b52c3146, type: 3}
--- !u!4 &8291220786789667257 stripped
Transform:
  m_CorrespondingSourceObject: {fileID: 8215472406520892167, guid: 3443e57991823a14b8dc5f50b52c3146, type: 3}
  m_PrefabInstance: {fileID: 77526290573122238}
  m_PrefabAsset: {fileID: 0}
--- !u!1001 &481525954398833126
PrefabInstance:
  m_ObjectHideFlags: 0
  serializedVersion: 2
  m_Modification:
    m_TransformParent: {fileID: 5029461075325278680}
    m_Modifications:
    - target: {fileID: 8215472406520892164, guid: 3443e57991823a14b8dc5f50b52c3146, type: 3}
      propertyPath: m_Name
      value: RLAgentNewPF (17)
      objectReference: {fileID: 0}
    - target: {fileID: 8215472406520892164, guid: 3443e57991823a14b8dc5f50b52c3146, type: 3}
      propertyPath: m_IsActive
      value: 0
      objectReference: {fileID: 0}
    - target: {fileID: 8215472406520892167, guid: 3443e57991823a14b8dc5f50b52c3146, type: 3}
      propertyPath: m_RootOrder
      value: 11
      objectReference: {fileID: 0}
    - target: {fileID: 8215472406520892167, guid: 3443e57991823a14b8dc5f50b52c3146, type: 3}
      propertyPath: m_LocalPosition.x
      value: -3.76
      objectReference: {fileID: 0}
    - target: {fileID: 8215472406520892167, guid: 3443e57991823a14b8dc5f50b52c3146, type: 3}
      propertyPath: m_LocalPosition.y
      value: 0
      objectReference: {fileID: 0}
    - target: {fileID: 8215472406520892167, guid: 3443e57991823a14b8dc5f50b52c3146, type: 3}
      propertyPath: m_LocalPosition.z
      value: -2.67
      objectReference: {fileID: 0}
    - target: {fileID: 8215472406520892167, guid: 3443e57991823a14b8dc5f50b52c3146, type: 3}
      propertyPath: m_LocalRotation.w
      value: 1
      objectReference: {fileID: 0}
    - target: {fileID: 8215472406520892167, guid: 3443e57991823a14b8dc5f50b52c3146, type: 3}
      propertyPath: m_LocalRotation.x
      value: 0
      objectReference: {fileID: 0}
    - target: {fileID: 8215472406520892167, guid: 3443e57991823a14b8dc5f50b52c3146, type: 3}
      propertyPath: m_LocalRotation.y
      value: 0
      objectReference: {fileID: 0}
    - target: {fileID: 8215472406520892167, guid: 3443e57991823a14b8dc5f50b52c3146, type: 3}
      propertyPath: m_LocalRotation.z
      value: 0
      objectReference: {fileID: 0}
    - target: {fileID: 8215472406520892167, guid: 3443e57991823a14b8dc5f50b52c3146, type: 3}
      propertyPath: m_LocalEulerAnglesHint.x
      value: 0
      objectReference: {fileID: 0}
    - target: {fileID: 8215472406520892167, guid: 3443e57991823a14b8dc5f50b52c3146, type: 3}
      propertyPath: m_LocalEulerAnglesHint.y
      value: 0
      objectReference: {fileID: 0}
    - target: {fileID: 8215472406520892167, guid: 3443e57991823a14b8dc5f50b52c3146, type: 3}
      propertyPath: m_LocalEulerAnglesHint.z
      value: 0
      objectReference: {fileID: 0}
    - target: {fileID: 8291653784874975685, guid: 3443e57991823a14b8dc5f50b52c3146, type: 3}
      propertyPath: targetFinaleGO
      value: 
      objectReference: {fileID: 9123313871926003520}
    - target: {fileID: 8291653784874975685, guid: 3443e57991823a14b8dc5f50b52c3146, type: 3}
      propertyPath: targetPresi.Array.size
      value: 0
      objectReference: {fileID: 0}
    - target: {fileID: 8291653784874975685, guid: 3443e57991823a14b8dc5f50b52c3146, type: 3}
      propertyPath: targetPresiInit.Array.size
      value: 2
      objectReference: {fileID: 0}
    - target: {fileID: 8291653784874975685, guid: 3443e57991823a14b8dc5f50b52c3146, type: 3}
      propertyPath: targetPresi.Array.data[0].target
      value: 
      objectReference: {fileID: 2269691603778941319}
    - target: {fileID: 8291653784874975685, guid: 3443e57991823a14b8dc5f50b52c3146, type: 3}
      propertyPath: targetPresi.Array.data[1].target
      value: 
      objectReference: {fileID: 5273084276156337996}
    - target: {fileID: 8291653784874975685, guid: 3443e57991823a14b8dc5f50b52c3146, type: 3}
      propertyPath: targetPresi.Array.data[0].entrata
      value: Sopra
      objectReference: {fileID: 0}
    - target: {fileID: 8291653784874975685, guid: 3443e57991823a14b8dc5f50b52c3146, type: 3}
      propertyPath: targetPresi.Array.data[1].entrata
      value: Sopra
      objectReference: {fileID: 0}
    - target: {fileID: 8291653784874975685, guid: 3443e57991823a14b8dc5f50b52c3146, type: 3}
      propertyPath: targetPresiInit.Array.data[0].target
      value: 
      objectReference: {fileID: 2269691603778941319}
    - target: {fileID: 8291653784874975685, guid: 3443e57991823a14b8dc5f50b52c3146, type: 3}
      propertyPath: targetPresiInit.Array.data[1].target
      value: 
      objectReference: {fileID: 5273084276156337996}
    - target: {fileID: 8291653784874975685, guid: 3443e57991823a14b8dc5f50b52c3146, type: 3}
      propertyPath: targetPresiInit.Array.data[0].entrata
      value: Sotto
      objectReference: {fileID: 0}
    - target: {fileID: 8291653784874975685, guid: 3443e57991823a14b8dc5f50b52c3146, type: 3}
      propertyPath: targetPresiInit.Array.data[1].entrata
      value: Sotto
      objectReference: {fileID: 0}
    m_RemovedComponents: []
  m_SourcePrefab: {fileID: 100100000, guid: 3443e57991823a14b8dc5f50b52c3146, type: 3}
--- !u!4 &8407518937274729185 stripped
Transform:
  m_CorrespondingSourceObject: {fileID: 8215472406520892167, guid: 3443e57991823a14b8dc5f50b52c3146, type: 3}
  m_PrefabInstance: {fileID: 481525954398833126}
  m_PrefabAsset: {fileID: 0}
--- !u!1001 &482163346990594787
PrefabInstance:
  m_ObjectHideFlags: 0
  serializedVersion: 2
  m_Modification:
    m_TransformParent: {fileID: 5029461075325278680}
    m_Modifications:
    - target: {fileID: 8215472406520892164, guid: 3443e57991823a14b8dc5f50b52c3146, type: 3}
      propertyPath: m_Name
      value: RLAgentNewPF (6)
      objectReference: {fileID: 0}
    - target: {fileID: 8215472406520892164, guid: 3443e57991823a14b8dc5f50b52c3146, type: 3}
      propertyPath: m_IsActive
      value: 0
      objectReference: {fileID: 0}
    - target: {fileID: 8215472406520892167, guid: 3443e57991823a14b8dc5f50b52c3146, type: 3}
      propertyPath: m_RootOrder
      value: 3
      objectReference: {fileID: 0}
    - target: {fileID: 8215472406520892167, guid: 3443e57991823a14b8dc5f50b52c3146, type: 3}
      propertyPath: m_LocalPosition.x
      value: -5.92
      objectReference: {fileID: 0}
    - target: {fileID: 8215472406520892167, guid: 3443e57991823a14b8dc5f50b52c3146, type: 3}
      propertyPath: m_LocalPosition.y
      value: 0
      objectReference: {fileID: 0}
    - target: {fileID: 8215472406520892167, guid: 3443e57991823a14b8dc5f50b52c3146, type: 3}
      propertyPath: m_LocalPosition.z
      value: -8.7
      objectReference: {fileID: 0}
    - target: {fileID: 8215472406520892167, guid: 3443e57991823a14b8dc5f50b52c3146, type: 3}
      propertyPath: m_LocalRotation.w
      value: 1
      objectReference: {fileID: 0}
    - target: {fileID: 8215472406520892167, guid: 3443e57991823a14b8dc5f50b52c3146, type: 3}
      propertyPath: m_LocalRotation.x
      value: 0
      objectReference: {fileID: 0}
    - target: {fileID: 8215472406520892167, guid: 3443e57991823a14b8dc5f50b52c3146, type: 3}
      propertyPath: m_LocalRotation.y
      value: 0
      objectReference: {fileID: 0}
    - target: {fileID: 8215472406520892167, guid: 3443e57991823a14b8dc5f50b52c3146, type: 3}
      propertyPath: m_LocalRotation.z
      value: 0
      objectReference: {fileID: 0}
    - target: {fileID: 8215472406520892167, guid: 3443e57991823a14b8dc5f50b52c3146, type: 3}
      propertyPath: m_LocalEulerAnglesHint.x
      value: 0
      objectReference: {fileID: 0}
    - target: {fileID: 8215472406520892167, guid: 3443e57991823a14b8dc5f50b52c3146, type: 3}
      propertyPath: m_LocalEulerAnglesHint.y
      value: 0
      objectReference: {fileID: 0}
    - target: {fileID: 8215472406520892167, guid: 3443e57991823a14b8dc5f50b52c3146, type: 3}
      propertyPath: m_LocalEulerAnglesHint.z
      value: 0
      objectReference: {fileID: 0}
    - target: {fileID: 8291653784874975685, guid: 3443e57991823a14b8dc5f50b52c3146, type: 3}
      propertyPath: targetFinaleGO
      value: 
      objectReference: {fileID: 9123313871926003520}
    m_RemovedComponents: []
  m_SourcePrefab: {fileID: 100100000, guid: 3443e57991823a14b8dc5f50b52c3146, type: 3}
--- !u!4 &8409282229773398500 stripped
Transform:
  m_CorrespondingSourceObject: {fileID: 8215472406520892167, guid: 3443e57991823a14b8dc5f50b52c3146, type: 3}
  m_PrefabInstance: {fileID: 482163346990594787}
  m_PrefabAsset: {fileID: 0}
--- !u!1001 &1570953440339289927
PrefabInstance:
  m_ObjectHideFlags: 0
  serializedVersion: 2
  m_Modification:
    m_TransformParent: {fileID: 5029461075325278680}
    m_Modifications:
    - target: {fileID: 8215472406520892164, guid: 3443e57991823a14b8dc5f50b52c3146, type: 3}
      propertyPath: m_Name
      value: RLAgentNewPF (8)
      objectReference: {fileID: 0}
    - target: {fileID: 8215472406520892164, guid: 3443e57991823a14b8dc5f50b52c3146, type: 3}
      propertyPath: m_IsActive
      value: 0
      objectReference: {fileID: 0}
    - target: {fileID: 8215472406520892167, guid: 3443e57991823a14b8dc5f50b52c3146, type: 3}
      propertyPath: m_RootOrder
      value: 5
      objectReference: {fileID: 0}
    - target: {fileID: 8215472406520892167, guid: 3443e57991823a14b8dc5f50b52c3146, type: 3}
      propertyPath: m_LocalPosition.x
      value: 4.72
      objectReference: {fileID: 0}
    - target: {fileID: 8215472406520892167, guid: 3443e57991823a14b8dc5f50b52c3146, type: 3}
      propertyPath: m_LocalPosition.y
      value: 0
      objectReference: {fileID: 0}
    - target: {fileID: 8215472406520892167, guid: 3443e57991823a14b8dc5f50b52c3146, type: 3}
      propertyPath: m_LocalPosition.z
      value: -8.7
      objectReference: {fileID: 0}
    - target: {fileID: 8215472406520892167, guid: 3443e57991823a14b8dc5f50b52c3146, type: 3}
      propertyPath: m_LocalRotation.w
      value: 1
      objectReference: {fileID: 0}
    - target: {fileID: 8215472406520892167, guid: 3443e57991823a14b8dc5f50b52c3146, type: 3}
      propertyPath: m_LocalRotation.x
      value: 0
      objectReference: {fileID: 0}
    - target: {fileID: 8215472406520892167, guid: 3443e57991823a14b8dc5f50b52c3146, type: 3}
      propertyPath: m_LocalRotation.y
      value: 0
      objectReference: {fileID: 0}
    - target: {fileID: 8215472406520892167, guid: 3443e57991823a14b8dc5f50b52c3146, type: 3}
      propertyPath: m_LocalRotation.z
      value: 0
      objectReference: {fileID: 0}
    - target: {fileID: 8215472406520892167, guid: 3443e57991823a14b8dc5f50b52c3146, type: 3}
      propertyPath: m_LocalEulerAnglesHint.x
      value: 0
      objectReference: {fileID: 0}
    - target: {fileID: 8215472406520892167, guid: 3443e57991823a14b8dc5f50b52c3146, type: 3}
      propertyPath: m_LocalEulerAnglesHint.y
      value: 0
      objectReference: {fileID: 0}
    - target: {fileID: 8215472406520892167, guid: 3443e57991823a14b8dc5f50b52c3146, type: 3}
      propertyPath: m_LocalEulerAnglesHint.z
      value: 0
      objectReference: {fileID: 0}
    - target: {fileID: 8291653784874975685, guid: 3443e57991823a14b8dc5f50b52c3146, type: 3}
      propertyPath: targetFinaleGO
      value: 
      objectReference: {fileID: 9123313871926003520}
    m_RemovedComponents: []
  m_SourcePrefab: {fileID: 100100000, guid: 3443e57991823a14b8dc5f50b52c3146, type: 3}
--- !u!4 &7479948419434966080 stripped
Transform:
  m_CorrespondingSourceObject: {fileID: 8215472406520892167, guid: 3443e57991823a14b8dc5f50b52c3146, type: 3}
  m_PrefabInstance: {fileID: 1570953440339289927}
  m_PrefabAsset: {fileID: 0}
--- !u!1001 &2710972030160383170
PrefabInstance:
  m_ObjectHideFlags: 0
  serializedVersion: 2
  m_Modification:
    m_TransformParent: {fileID: 5029461075325278680}
    m_Modifications:
    - target: {fileID: 8215472406520892164, guid: 3443e57991823a14b8dc5f50b52c3146, type: 3}
      propertyPath: m_Name
      value: RLAgentNewPF (15)
      objectReference: {fileID: 0}
    - target: {fileID: 8215472406520892164, guid: 3443e57991823a14b8dc5f50b52c3146, type: 3}
      propertyPath: m_IsActive
      value: 0
      objectReference: {fileID: 0}
    - target: {fileID: 8215472406520892167, guid: 3443e57991823a14b8dc5f50b52c3146, type: 3}
      propertyPath: m_RootOrder
      value: 9
      objectReference: {fileID: 0}
    - target: {fileID: 8215472406520892167, guid: 3443e57991823a14b8dc5f50b52c3146, type: 3}
      propertyPath: m_LocalPosition.x
      value: 5.94
      objectReference: {fileID: 0}
    - target: {fileID: 8215472406520892167, guid: 3443e57991823a14b8dc5f50b52c3146, type: 3}
      propertyPath: m_LocalPosition.y
      value: 0
      objectReference: {fileID: 0}
    - target: {fileID: 8215472406520892167, guid: 3443e57991823a14b8dc5f50b52c3146, type: 3}
      propertyPath: m_LocalPosition.z
      value: -2.67
      objectReference: {fileID: 0}
    - target: {fileID: 8215472406520892167, guid: 3443e57991823a14b8dc5f50b52c3146, type: 3}
      propertyPath: m_LocalRotation.w
      value: 1
      objectReference: {fileID: 0}
    - target: {fileID: 8215472406520892167, guid: 3443e57991823a14b8dc5f50b52c3146, type: 3}
      propertyPath: m_LocalRotation.x
      value: 0
      objectReference: {fileID: 0}
    - target: {fileID: 8215472406520892167, guid: 3443e57991823a14b8dc5f50b52c3146, type: 3}
      propertyPath: m_LocalRotation.y
      value: 0
      objectReference: {fileID: 0}
    - target: {fileID: 8215472406520892167, guid: 3443e57991823a14b8dc5f50b52c3146, type: 3}
      propertyPath: m_LocalRotation.z
      value: 0
      objectReference: {fileID: 0}
    - target: {fileID: 8215472406520892167, guid: 3443e57991823a14b8dc5f50b52c3146, type: 3}
      propertyPath: m_LocalEulerAnglesHint.x
      value: 0
      objectReference: {fileID: 0}
    - target: {fileID: 8215472406520892167, guid: 3443e57991823a14b8dc5f50b52c3146, type: 3}
      propertyPath: m_LocalEulerAnglesHint.y
      value: 0
      objectReference: {fileID: 0}
    - target: {fileID: 8215472406520892167, guid: 3443e57991823a14b8dc5f50b52c3146, type: 3}
      propertyPath: m_LocalEulerAnglesHint.z
      value: 0
      objectReference: {fileID: 0}
    - target: {fileID: 8291653784874975685, guid: 3443e57991823a14b8dc5f50b52c3146, type: 3}
      propertyPath: targetFinaleGO
      value: 
      objectReference: {fileID: 9123313871926003520}
    - target: {fileID: 8291653784874975685, guid: 3443e57991823a14b8dc5f50b52c3146, type: 3}
      propertyPath: targetPresi.Array.size
      value: 0
      objectReference: {fileID: 0}
    - target: {fileID: 8291653784874975685, guid: 3443e57991823a14b8dc5f50b52c3146, type: 3}
      propertyPath: targetPresiInit.Array.size
      value: 2
      objectReference: {fileID: 0}
    - target: {fileID: 8291653784874975685, guid: 3443e57991823a14b8dc5f50b52c3146, type: 3}
      propertyPath: targetPresi.Array.data[0].target
      value: 
      objectReference: {fileID: 2269691603778941319}
    - target: {fileID: 8291653784874975685, guid: 3443e57991823a14b8dc5f50b52c3146, type: 3}
      propertyPath: targetPresi.Array.data[1].target
      value: 
      objectReference: {fileID: 5273084276156337996}
    - target: {fileID: 8291653784874975685, guid: 3443e57991823a14b8dc5f50b52c3146, type: 3}
      propertyPath: targetPresi.Array.data[0].entrata
      value: Sopra
      objectReference: {fileID: 0}
    - target: {fileID: 8291653784874975685, guid: 3443e57991823a14b8dc5f50b52c3146, type: 3}
      propertyPath: targetPresi.Array.data[1].entrata
      value: Sopra
      objectReference: {fileID: 0}
    - target: {fileID: 8291653784874975685, guid: 3443e57991823a14b8dc5f50b52c3146, type: 3}
      propertyPath: targetPresiInit.Array.data[0].target
      value: 
      objectReference: {fileID: 2269691603778941319}
    - target: {fileID: 8291653784874975685, guid: 3443e57991823a14b8dc5f50b52c3146, type: 3}
      propertyPath: targetPresiInit.Array.data[1].target
      value: 
      objectReference: {fileID: 5273084276156337996}
    - target: {fileID: 8291653784874975685, guid: 3443e57991823a14b8dc5f50b52c3146, type: 3}
      propertyPath: targetPresiInit.Array.data[0].entrata
      value: Sotto
      objectReference: {fileID: 0}
    - target: {fileID: 8291653784874975685, guid: 3443e57991823a14b8dc5f50b52c3146, type: 3}
      propertyPath: targetPresiInit.Array.data[1].entrata
      value: Sotto
      objectReference: {fileID: 0}
    m_RemovedComponents: []
  m_SourcePrefab: {fileID: 100100000, guid: 3443e57991823a14b8dc5f50b52c3146, type: 3}
--- !u!4 &6313050601123555269 stripped
Transform:
  m_CorrespondingSourceObject: {fileID: 8215472406520892167, guid: 3443e57991823a14b8dc5f50b52c3146, type: 3}
  m_PrefabInstance: {fileID: 2710972030160383170}
  m_PrefabAsset: {fileID: 0}
--- !u!1001 &2871614430336675776
PrefabInstance:
  m_ObjectHideFlags: 0
  serializedVersion: 2
  m_Modification:
    m_TransformParent: {fileID: 5029461075325278680}
    m_Modifications:
    - target: {fileID: 8215472406520892164, guid: 3443e57991823a14b8dc5f50b52c3146, type: 3}
      propertyPath: m_Name
      value: RLAgentNewPF (9)
      objectReference: {fileID: 0}
    - target: {fileID: 8215472406520892164, guid: 3443e57991823a14b8dc5f50b52c3146, type: 3}
      propertyPath: m_IsActive
      value: 0
      objectReference: {fileID: 0}
    - target: {fileID: 8215472406520892167, guid: 3443e57991823a14b8dc5f50b52c3146, type: 3}
      propertyPath: m_RootOrder
      value: 6
      objectReference: {fileID: 0}
    - target: {fileID: 8215472406520892167, guid: 3443e57991823a14b8dc5f50b52c3146, type: 3}
      propertyPath: m_LocalPosition.x
      value: -3.56
      objectReference: {fileID: 0}
    - target: {fileID: 8215472406520892167, guid: 3443e57991823a14b8dc5f50b52c3146, type: 3}
      propertyPath: m_LocalPosition.y
      value: 0
      objectReference: {fileID: 0}
    - target: {fileID: 8215472406520892167, guid: 3443e57991823a14b8dc5f50b52c3146, type: 3}
      propertyPath: m_LocalPosition.z
      value: -0.56
      objectReference: {fileID: 0}
    - target: {fileID: 8215472406520892167, guid: 3443e57991823a14b8dc5f50b52c3146, type: 3}
      propertyPath: m_LocalRotation.w
      value: 1
      objectReference: {fileID: 0}
    - target: {fileID: 8215472406520892167, guid: 3443e57991823a14b8dc5f50b52c3146, type: 3}
      propertyPath: m_LocalRotation.x
      value: 0
      objectReference: {fileID: 0}
    - target: {fileID: 8215472406520892167, guid: 3443e57991823a14b8dc5f50b52c3146, type: 3}
      propertyPath: m_LocalRotation.y
      value: 0
      objectReference: {fileID: 0}
    - target: {fileID: 8215472406520892167, guid: 3443e57991823a14b8dc5f50b52c3146, type: 3}
      propertyPath: m_LocalRotation.z
      value: 0
      objectReference: {fileID: 0}
    - target: {fileID: 8215472406520892167, guid: 3443e57991823a14b8dc5f50b52c3146, type: 3}
      propertyPath: m_LocalEulerAnglesHint.x
      value: 0
      objectReference: {fileID: 0}
    - target: {fileID: 8215472406520892167, guid: 3443e57991823a14b8dc5f50b52c3146, type: 3}
      propertyPath: m_LocalEulerAnglesHint.y
      value: 0
      objectReference: {fileID: 0}
    - target: {fileID: 8215472406520892167, guid: 3443e57991823a14b8dc5f50b52c3146, type: 3}
      propertyPath: m_LocalEulerAnglesHint.z
      value: 0
      objectReference: {fileID: 0}
    - target: {fileID: 8291653784874975685, guid: 3443e57991823a14b8dc5f50b52c3146, type: 3}
      propertyPath: targetFinaleGO
      value: 
      objectReference: {fileID: 9123313871926003520}
    - target: {fileID: 8291653784874975685, guid: 3443e57991823a14b8dc5f50b52c3146, type: 3}
      propertyPath: targetPresi.Array.size
      value: 0
      objectReference: {fileID: 0}
    - target: {fileID: 8291653784874975685, guid: 3443e57991823a14b8dc5f50b52c3146, type: 3}
      propertyPath: targetPresiInit.Array.size
      value: 2
      objectReference: {fileID: 0}
    - target: {fileID: 8291653784874975685, guid: 3443e57991823a14b8dc5f50b52c3146, type: 3}
      propertyPath: targetPresi.Array.data[0].target
      value: 
      objectReference: {fileID: 2269691603778941319}
    - target: {fileID: 8291653784874975685, guid: 3443e57991823a14b8dc5f50b52c3146, type: 3}
      propertyPath: targetPresi.Array.data[1].target
      value: 
      objectReference: {fileID: 5273084276156337996}
    - target: {fileID: 8291653784874975685, guid: 3443e57991823a14b8dc5f50b52c3146, type: 3}
      propertyPath: targetPresi.Array.data[0].entrata
      value: Sopra
      objectReference: {fileID: 0}
    - target: {fileID: 8291653784874975685, guid: 3443e57991823a14b8dc5f50b52c3146, type: 3}
      propertyPath: targetPresi.Array.data[1].entrata
      value: Sopra
      objectReference: {fileID: 0}
    - target: {fileID: 8291653784874975685, guid: 3443e57991823a14b8dc5f50b52c3146, type: 3}
      propertyPath: targetPresiInit.Array.data[0].target
      value: 
      objectReference: {fileID: 2269691603778941319}
    - target: {fileID: 8291653784874975685, guid: 3443e57991823a14b8dc5f50b52c3146, type: 3}
      propertyPath: targetPresiInit.Array.data[1].target
      value: 
      objectReference: {fileID: 5273084276156337996}
    - target: {fileID: 8291653784874975685, guid: 3443e57991823a14b8dc5f50b52c3146, type: 3}
      propertyPath: targetPresiInit.Array.data[0].entrata
      value: Sotto
      objectReference: {fileID: 0}
    - target: {fileID: 8291653784874975685, guid: 3443e57991823a14b8dc5f50b52c3146, type: 3}
      propertyPath: targetPresiInit.Array.data[1].entrata
      value: Sotto
      objectReference: {fileID: 0}
    m_RemovedComponents: []
  m_SourcePrefab: {fileID: 100100000, guid: 3443e57991823a14b8dc5f50b52c3146, type: 3}
--- !u!4 &6186044542235043015 stripped
Transform:
  m_CorrespondingSourceObject: {fileID: 8215472406520892167, guid: 3443e57991823a14b8dc5f50b52c3146, type: 3}
  m_PrefabInstance: {fileID: 2871614430336675776}
  m_PrefabAsset: {fileID: 0}
--- !u!1001 &4082957796839533373
PrefabInstance:
  m_ObjectHideFlags: 0
  serializedVersion: 2
  m_Modification:
    m_TransformParent: {fileID: 5029461075325278680}
    m_Modifications:
    - target: {fileID: 8215472406520892164, guid: 3443e57991823a14b8dc5f50b52c3146, type: 3}
      propertyPath: m_Name
      value: RLAgentNewPF (4)
      objectReference: {fileID: 0}
    - target: {fileID: 8215472406520892164, guid: 3443e57991823a14b8dc5f50b52c3146, type: 3}
      propertyPath: m_IsActive
      value: 0
      objectReference: {fileID: 0}
    - target: {fileID: 8215472406520892167, guid: 3443e57991823a14b8dc5f50b52c3146, type: 3}
      propertyPath: m_RootOrder
      value: 2
      objectReference: {fileID: 0}
    - target: {fileID: 8215472406520892167, guid: 3443e57991823a14b8dc5f50b52c3146, type: 3}
      propertyPath: m_LocalPosition.x
      value: 2.75
      objectReference: {fileID: 0}
    - target: {fileID: 8215472406520892167, guid: 3443e57991823a14b8dc5f50b52c3146, type: 3}
      propertyPath: m_LocalPosition.y
      value: 0
      objectReference: {fileID: 0}
    - target: {fileID: 8215472406520892167, guid: 3443e57991823a14b8dc5f50b52c3146, type: 3}
      propertyPath: m_LocalPosition.z
      value: -7.14
      objectReference: {fileID: 0}
    - target: {fileID: 8215472406520892167, guid: 3443e57991823a14b8dc5f50b52c3146, type: 3}
      propertyPath: m_LocalRotation.w
      value: 1
      objectReference: {fileID: 0}
    - target: {fileID: 8215472406520892167, guid: 3443e57991823a14b8dc5f50b52c3146, type: 3}
      propertyPath: m_LocalRotation.x
      value: 0
      objectReference: {fileID: 0}
    - target: {fileID: 8215472406520892167, guid: 3443e57991823a14b8dc5f50b52c3146, type: 3}
      propertyPath: m_LocalRotation.y
      value: 0
      objectReference: {fileID: 0}
    - target: {fileID: 8215472406520892167, guid: 3443e57991823a14b8dc5f50b52c3146, type: 3}
      propertyPath: m_LocalRotation.z
      value: 0
      objectReference: {fileID: 0}
    - target: {fileID: 8215472406520892167, guid: 3443e57991823a14b8dc5f50b52c3146, type: 3}
      propertyPath: m_LocalEulerAnglesHint.x
      value: 0
      objectReference: {fileID: 0}
    - target: {fileID: 8215472406520892167, guid: 3443e57991823a14b8dc5f50b52c3146, type: 3}
      propertyPath: m_LocalEulerAnglesHint.y
      value: 0
      objectReference: {fileID: 0}
    - target: {fileID: 8215472406520892167, guid: 3443e57991823a14b8dc5f50b52c3146, type: 3}
      propertyPath: m_LocalEulerAnglesHint.z
      value: 0
      objectReference: {fileID: 0}
    - target: {fileID: 8291653784874975685, guid: 3443e57991823a14b8dc5f50b52c3146, type: 3}
      propertyPath: targetFinaleGO
      value: 
      objectReference: {fileID: 9123313871926003520}
    m_RemovedComponents: []
  m_SourcePrefab: {fileID: 100100000, guid: 3443e57991823a14b8dc5f50b52c3146, type: 3}
--- !u!4 &5380302763814789178 stripped
Transform:
  m_CorrespondingSourceObject: {fileID: 8215472406520892167, guid: 3443e57991823a14b8dc5f50b52c3146, type: 3}
  m_PrefabInstance: {fileID: 4082957796839533373}
  m_PrefabAsset: {fileID: 0}
--- !u!1001 &4187249071747870682
PrefabInstance:
  m_ObjectHideFlags: 0
  serializedVersion: 2
  m_Modification:
    m_TransformParent: {fileID: 5029461075325278680}
    m_Modifications:
    - target: {fileID: 8215472406520892164, guid: 3443e57991823a14b8dc5f50b52c3146, type: 3}
      propertyPath: m_Name
      value: RLAgentNewPF (1)
      objectReference: {fileID: 0}
    - target: {fileID: 8215472406520892164, guid: 3443e57991823a14b8dc5f50b52c3146, type: 3}
      propertyPath: m_IsActive
      value: 0
      objectReference: {fileID: 0}
    - target: {fileID: 8215472406520892167, guid: 3443e57991823a14b8dc5f50b52c3146, type: 3}
      propertyPath: m_RootOrder
      value: 1
      objectReference: {fileID: 0}
    - target: {fileID: 8215472406520892167, guid: 3443e57991823a14b8dc5f50b52c3146, type: 3}
      propertyPath: m_LocalPosition.x
      value: -2.88
      objectReference: {fileID: 0}
    - target: {fileID: 8215472406520892167, guid: 3443e57991823a14b8dc5f50b52c3146, type: 3}
      propertyPath: m_LocalPosition.y
      value: 0
      objectReference: {fileID: 0}
    - target: {fileID: 8215472406520892167, guid: 3443e57991823a14b8dc5f50b52c3146, type: 3}
      propertyPath: m_LocalPosition.z
      value: -8.7
      objectReference: {fileID: 0}
    - target: {fileID: 8215472406520892167, guid: 3443e57991823a14b8dc5f50b52c3146, type: 3}
      propertyPath: m_LocalRotation.w
      value: 1
      objectReference: {fileID: 0}
    - target: {fileID: 8215472406520892167, guid: 3443e57991823a14b8dc5f50b52c3146, type: 3}
      propertyPath: m_LocalRotation.x
      value: 0
      objectReference: {fileID: 0}
    - target: {fileID: 8215472406520892167, guid: 3443e57991823a14b8dc5f50b52c3146, type: 3}
      propertyPath: m_LocalRotation.y
      value: 0
      objectReference: {fileID: 0}
    - target: {fileID: 8215472406520892167, guid: 3443e57991823a14b8dc5f50b52c3146, type: 3}
      propertyPath: m_LocalRotation.z
      value: 0
      objectReference: {fileID: 0}
    - target: {fileID: 8215472406520892167, guid: 3443e57991823a14b8dc5f50b52c3146, type: 3}
      propertyPath: m_LocalEulerAnglesHint.x
      value: 0
      objectReference: {fileID: 0}
    - target: {fileID: 8215472406520892167, guid: 3443e57991823a14b8dc5f50b52c3146, type: 3}
      propertyPath: m_LocalEulerAnglesHint.y
      value: 0
      objectReference: {fileID: 0}
    - target: {fileID: 8215472406520892167, guid: 3443e57991823a14b8dc5f50b52c3146, type: 3}
      propertyPath: m_LocalEulerAnglesHint.z
      value: 0
      objectReference: {fileID: 0}
    - target: {fileID: 8291653784874975685, guid: 3443e57991823a14b8dc5f50b52c3146, type: 3}
      propertyPath: targetFinaleGO
      value: 
      objectReference: {fileID: 9123313871926003520}
    m_RemovedComponents: []
  m_SourcePrefab: {fileID: 100100000, guid: 3443e57991823a14b8dc5f50b52c3146, type: 3}
--- !u!4 &5196908198387131613 stripped
Transform:
  m_CorrespondingSourceObject: {fileID: 8215472406520892167, guid: 3443e57991823a14b8dc5f50b52c3146, type: 3}
  m_PrefabInstance: {fileID: 4187249071747870682}
  m_PrefabAsset: {fileID: 0}
--- !u!1001 &5050155756256074707
PrefabInstance:
  m_ObjectHideFlags: 0
  serializedVersion: 2
  m_Modification:
    m_TransformParent: {fileID: 5029461075325278680}
    m_Modifications:
    - target: {fileID: 8215472406520892164, guid: 3443e57991823a14b8dc5f50b52c3146, type: 3}
      propertyPath: m_Name
      value: RLAgentNewPF (14)
      objectReference: {fileID: 0}
    - target: {fileID: 8215472406520892164, guid: 3443e57991823a14b8dc5f50b52c3146, type: 3}
      propertyPath: m_IsActive
      value: 0
      objectReference: {fileID: 0}
    - target: {fileID: 8215472406520892167, guid: 3443e57991823a14b8dc5f50b52c3146, type: 3}
      propertyPath: m_RootOrder
      value: 8
      objectReference: {fileID: 0}
    - target: {fileID: 8215472406520892167, guid: 3443e57991823a14b8dc5f50b52c3146, type: 3}
      propertyPath: m_LocalPosition.x
      value: 3.83
      objectReference: {fileID: 0}
    - target: {fileID: 8215472406520892167, guid: 3443e57991823a14b8dc5f50b52c3146, type: 3}
      propertyPath: m_LocalPosition.y
      value: 0
      objectReference: {fileID: 0}
    - target: {fileID: 8215472406520892167, guid: 3443e57991823a14b8dc5f50b52c3146, type: 3}
      propertyPath: m_LocalPosition.z
      value: -0.29
      objectReference: {fileID: 0}
    - target: {fileID: 8215472406520892167, guid: 3443e57991823a14b8dc5f50b52c3146, type: 3}
      propertyPath: m_LocalRotation.w
      value: 1
      objectReference: {fileID: 0}
    - target: {fileID: 8215472406520892167, guid: 3443e57991823a14b8dc5f50b52c3146, type: 3}
      propertyPath: m_LocalRotation.x
      value: 0
      objectReference: {fileID: 0}
    - target: {fileID: 8215472406520892167, guid: 3443e57991823a14b8dc5f50b52c3146, type: 3}
      propertyPath: m_LocalRotation.y
      value: 0
      objectReference: {fileID: 0}
    - target: {fileID: 8215472406520892167, guid: 3443e57991823a14b8dc5f50b52c3146, type: 3}
      propertyPath: m_LocalRotation.z
      value: 0
      objectReference: {fileID: 0}
    - target: {fileID: 8215472406520892167, guid: 3443e57991823a14b8dc5f50b52c3146, type: 3}
      propertyPath: m_LocalEulerAnglesHint.x
      value: 0
      objectReference: {fileID: 0}
    - target: {fileID: 8215472406520892167, guid: 3443e57991823a14b8dc5f50b52c3146, type: 3}
      propertyPath: m_LocalEulerAnglesHint.y
      value: 0
      objectReference: {fileID: 0}
    - target: {fileID: 8215472406520892167, guid: 3443e57991823a14b8dc5f50b52c3146, type: 3}
      propertyPath: m_LocalEulerAnglesHint.z
      value: 0
      objectReference: {fileID: 0}
    - target: {fileID: 8291653784874975685, guid: 3443e57991823a14b8dc5f50b52c3146, type: 3}
      propertyPath: targetFinaleGO
      value: 
      objectReference: {fileID: 9123313871926003520}
    - target: {fileID: 8291653784874975685, guid: 3443e57991823a14b8dc5f50b52c3146, type: 3}
      propertyPath: targetPresi.Array.size
      value: 0
      objectReference: {fileID: 0}
    - target: {fileID: 8291653784874975685, guid: 3443e57991823a14b8dc5f50b52c3146, type: 3}
      propertyPath: targetPresiInit.Array.size
      value: 2
      objectReference: {fileID: 0}
    - target: {fileID: 8291653784874975685, guid: 3443e57991823a14b8dc5f50b52c3146, type: 3}
      propertyPath: targetPresi.Array.data[0].target
      value: 
      objectReference: {fileID: 2269691603778941319}
    - target: {fileID: 8291653784874975685, guid: 3443e57991823a14b8dc5f50b52c3146, type: 3}
      propertyPath: targetPresi.Array.data[1].target
      value: 
      objectReference: {fileID: 5273084276156337996}
    - target: {fileID: 8291653784874975685, guid: 3443e57991823a14b8dc5f50b52c3146, type: 3}
      propertyPath: targetPresi.Array.data[0].entrata
      value: Sopra
      objectReference: {fileID: 0}
    - target: {fileID: 8291653784874975685, guid: 3443e57991823a14b8dc5f50b52c3146, type: 3}
      propertyPath: targetPresi.Array.data[1].entrata
      value: Sopra
      objectReference: {fileID: 0}
    - target: {fileID: 8291653784874975685, guid: 3443e57991823a14b8dc5f50b52c3146, type: 3}
      propertyPath: targetPresiInit.Array.data[0].target
      value: 
      objectReference: {fileID: 2269691603778941319}
    - target: {fileID: 8291653784874975685, guid: 3443e57991823a14b8dc5f50b52c3146, type: 3}
      propertyPath: targetPresiInit.Array.data[1].target
      value: 
      objectReference: {fileID: 5273084276156337996}
    - target: {fileID: 8291653784874975685, guid: 3443e57991823a14b8dc5f50b52c3146, type: 3}
      propertyPath: targetPresiInit.Array.data[0].entrata
      value: Sotto
      objectReference: {fileID: 0}
    - target: {fileID: 8291653784874975685, guid: 3443e57991823a14b8dc5f50b52c3146, type: 3}
      propertyPath: targetPresiInit.Array.data[1].entrata
      value: Sotto
      objectReference: {fileID: 0}
    m_RemovedComponents: []
  m_SourcePrefab: {fileID: 100100000, guid: 3443e57991823a14b8dc5f50b52c3146, type: 3}
--- !u!4 &3753461423279837396 stripped
Transform:
  m_CorrespondingSourceObject: {fileID: 8215472406520892167, guid: 3443e57991823a14b8dc5f50b52c3146, type: 3}
  m_PrefabInstance: {fileID: 5050155756256074707}
  m_PrefabAsset: {fileID: 0}
--- !u!1001 &6721720761450202642
PrefabInstance:
  m_ObjectHideFlags: 0
  serializedVersion: 2
  m_Modification:
    m_TransformParent: {fileID: 5029461075325278680}
    m_Modifications:
    - target: {fileID: 8215472406520892164, guid: 3443e57991823a14b8dc5f50b52c3146, type: 3}
      propertyPath: m_Name
      value: RLAgentNewPF (16)
      objectReference: {fileID: 0}
    - target: {fileID: 8215472406520892164, guid: 3443e57991823a14b8dc5f50b52c3146, type: 3}
      propertyPath: m_IsActive
      value: 0
      objectReference: {fileID: 0}
    - target: {fileID: 8215472406520892167, guid: 3443e57991823a14b8dc5f50b52c3146, type: 3}
      propertyPath: m_RootOrder
      value: 10
      objectReference: {fileID: 0}
    - target: {fileID: 8215472406520892167, guid: 3443e57991823a14b8dc5f50b52c3146, type: 3}
      propertyPath: m_LocalPosition.x
      value: 2.89
      objectReference: {fileID: 0}
    - target: {fileID: 8215472406520892167, guid: 3443e57991823a14b8dc5f50b52c3146, type: 3}
      propertyPath: m_LocalPosition.y
      value: 0
      objectReference: {fileID: 0}
    - target: {fileID: 8215472406520892167, guid: 3443e57991823a14b8dc5f50b52c3146, type: 3}
      propertyPath: m_LocalPosition.z
      value: -2.26
      objectReference: {fileID: 0}
    - target: {fileID: 8215472406520892167, guid: 3443e57991823a14b8dc5f50b52c3146, type: 3}
      propertyPath: m_LocalRotation.w
      value: 1
      objectReference: {fileID: 0}
    - target: {fileID: 8215472406520892167, guid: 3443e57991823a14b8dc5f50b52c3146, type: 3}
      propertyPath: m_LocalRotation.x
      value: 0
      objectReference: {fileID: 0}
    - target: {fileID: 8215472406520892167, guid: 3443e57991823a14b8dc5f50b52c3146, type: 3}
      propertyPath: m_LocalRotation.y
      value: 0
      objectReference: {fileID: 0}
    - target: {fileID: 8215472406520892167, guid: 3443e57991823a14b8dc5f50b52c3146, type: 3}
      propertyPath: m_LocalRotation.z
      value: 0
      objectReference: {fileID: 0}
    - target: {fileID: 8215472406520892167, guid: 3443e57991823a14b8dc5f50b52c3146, type: 3}
      propertyPath: m_LocalEulerAnglesHint.x
      value: 0
      objectReference: {fileID: 0}
    - target: {fileID: 8215472406520892167, guid: 3443e57991823a14b8dc5f50b52c3146, type: 3}
      propertyPath: m_LocalEulerAnglesHint.y
      value: 0
      objectReference: {fileID: 0}
    - target: {fileID: 8215472406520892167, guid: 3443e57991823a14b8dc5f50b52c3146, type: 3}
      propertyPath: m_LocalEulerAnglesHint.z
      value: 0
      objectReference: {fileID: 0}
    - target: {fileID: 8291653784874975685, guid: 3443e57991823a14b8dc5f50b52c3146, type: 3}
      propertyPath: targetFinaleGO
      value: 
      objectReference: {fileID: 9123313871926003520}
    - target: {fileID: 8291653784874975685, guid: 3443e57991823a14b8dc5f50b52c3146, type: 3}
      propertyPath: targetPresi.Array.size
      value: 0
      objectReference: {fileID: 0}
    - target: {fileID: 8291653784874975685, guid: 3443e57991823a14b8dc5f50b52c3146, type: 3}
      propertyPath: targetPresiInit.Array.size
      value: 2
      objectReference: {fileID: 0}
    - target: {fileID: 8291653784874975685, guid: 3443e57991823a14b8dc5f50b52c3146, type: 3}
      propertyPath: targetPresi.Array.data[0].target
      value: 
      objectReference: {fileID: 2269691603778941319}
    - target: {fileID: 8291653784874975685, guid: 3443e57991823a14b8dc5f50b52c3146, type: 3}
      propertyPath: targetPresi.Array.data[1].target
      value: 
      objectReference: {fileID: 5273084276156337996}
    - target: {fileID: 8291653784874975685, guid: 3443e57991823a14b8dc5f50b52c3146, type: 3}
      propertyPath: targetPresi.Array.data[0].entrata
      value: Sopra
      objectReference: {fileID: 0}
    - target: {fileID: 8291653784874975685, guid: 3443e57991823a14b8dc5f50b52c3146, type: 3}
      propertyPath: targetPresi.Array.data[1].entrata
      value: Sopra
      objectReference: {fileID: 0}
    - target: {fileID: 8291653784874975685, guid: 3443e57991823a14b8dc5f50b52c3146, type: 3}
      propertyPath: targetPresiInit.Array.data[0].target
      value: 
      objectReference: {fileID: 2269691603778941319}
    - target: {fileID: 8291653784874975685, guid: 3443e57991823a14b8dc5f50b52c3146, type: 3}
      propertyPath: targetPresiInit.Array.data[1].target
      value: 
      objectReference: {fileID: 5273084276156337996}
    - target: {fileID: 8291653784874975685, guid: 3443e57991823a14b8dc5f50b52c3146, type: 3}
      propertyPath: targetPresiInit.Array.data[0].entrata
      value: Sotto
      objectReference: {fileID: 0}
    - target: {fileID: 8291653784874975685, guid: 3443e57991823a14b8dc5f50b52c3146, type: 3}
      propertyPath: targetPresiInit.Array.data[1].entrata
      value: Sotto
      objectReference: {fileID: 0}
    m_RemovedComponents: []
  m_SourcePrefab: {fileID: 100100000, guid: 3443e57991823a14b8dc5f50b52c3146, type: 3}
--- !u!4 &3407925067762896149 stripped
Transform:
  m_CorrespondingSourceObject: {fileID: 8215472406520892167, guid: 3443e57991823a14b8dc5f50b52c3146, type: 3}
  m_PrefabInstance: {fileID: 6721720761450202642}
  m_PrefabAsset: {fileID: 0}
--- !u!1001 &7246842872665734210
PrefabInstance:
  m_ObjectHideFlags: 0
  serializedVersion: 2
  m_Modification:
    m_TransformParent: {fileID: 5029461075325278680}
    m_Modifications:
    - target: {fileID: 8215472406520892164, guid: 3443e57991823a14b8dc5f50b52c3146, type: 3}
      propertyPath: m_Name
      value: RLAgentNewPF (7)
      objectReference: {fileID: 0}
    - target: {fileID: 8215472406520892164, guid: 3443e57991823a14b8dc5f50b52c3146, type: 3}
      propertyPath: m_IsActive
      value: 0
      objectReference: {fileID: 0}
    - target: {fileID: 8215472406520892167, guid: 3443e57991823a14b8dc5f50b52c3146, type: 3}
      propertyPath: m_RootOrder
      value: 4
      objectReference: {fileID: 0}
    - target: {fileID: 8215472406520892167, guid: 3443e57991823a14b8dc5f50b52c3146, type: 3}
      propertyPath: m_LocalPosition.x
      value: 5.46
      objectReference: {fileID: 0}
    - target: {fileID: 8215472406520892167, guid: 3443e57991823a14b8dc5f50b52c3146, type: 3}
      propertyPath: m_LocalPosition.y
      value: 0
      objectReference: {fileID: 0}
    - target: {fileID: 8215472406520892167, guid: 3443e57991823a14b8dc5f50b52c3146, type: 3}
      propertyPath: m_LocalPosition.z
      value: -6.46
      objectReference: {fileID: 0}
    - target: {fileID: 8215472406520892167, guid: 3443e57991823a14b8dc5f50b52c3146, type: 3}
      propertyPath: m_LocalRotation.w
      value: 1
      objectReference: {fileID: 0}
    - target: {fileID: 8215472406520892167, guid: 3443e57991823a14b8dc5f50b52c3146, type: 3}
      propertyPath: m_LocalRotation.x
      value: 0
      objectReference: {fileID: 0}
    - target: {fileID: 8215472406520892167, guid: 3443e57991823a14b8dc5f50b52c3146, type: 3}
      propertyPath: m_LocalRotation.y
      value: 0
      objectReference: {fileID: 0}
    - target: {fileID: 8215472406520892167, guid: 3443e57991823a14b8dc5f50b52c3146, type: 3}
      propertyPath: m_LocalRotation.z
      value: 0
      objectReference: {fileID: 0}
    - target: {fileID: 8215472406520892167, guid: 3443e57991823a14b8dc5f50b52c3146, type: 3}
      propertyPath: m_LocalEulerAnglesHint.x
      value: 0
      objectReference: {fileID: 0}
    - target: {fileID: 8215472406520892167, guid: 3443e57991823a14b8dc5f50b52c3146, type: 3}
      propertyPath: m_LocalEulerAnglesHint.y
      value: 0
      objectReference: {fileID: 0}
    - target: {fileID: 8215472406520892167, guid: 3443e57991823a14b8dc5f50b52c3146, type: 3}
      propertyPath: m_LocalEulerAnglesHint.z
      value: 0
      objectReference: {fileID: 0}
    - target: {fileID: 8291653784874975685, guid: 3443e57991823a14b8dc5f50b52c3146, type: 3}
      propertyPath: targetFinaleGO
      value: 
      objectReference: {fileID: 9123313871926003520}
    m_RemovedComponents: []
  m_SourcePrefab: {fileID: 100100000, guid: 3443e57991823a14b8dc5f50b52c3146, type: 3}
--- !u!4 &1626588445956405061 stripped
Transform:
  m_CorrespondingSourceObject: {fileID: 8215472406520892167, guid: 3443e57991823a14b8dc5f50b52c3146, type: 3}
  m_PrefabInstance: {fileID: 7246842872665734210}
  m_PrefabAsset: {fileID: 0}
--- !u!1001 &8794497766959607990
PrefabInstance:
  m_ObjectHideFlags: 0
  serializedVersion: 2
  m_Modification:
    m_TransformParent: {fileID: 5029461075325278680}
    m_Modifications:
    - target: {fileID: 8215472406520892164, guid: 3443e57991823a14b8dc5f50b52c3146, type: 3}
      propertyPath: m_Name
      value: RLAgentNewPF (12)
      objectReference: {fileID: 0}
    - target: {fileID: 8215472406520892164, guid: 3443e57991823a14b8dc5f50b52c3146, type: 3}
      propertyPath: m_IsActive
      value: 0
      objectReference: {fileID: 0}
    - target: {fileID: 8215472406520892167, guid: 3443e57991823a14b8dc5f50b52c3146, type: 3}
      propertyPath: m_RootOrder
      value: 7
      objectReference: {fileID: 0}
    - target: {fileID: 8215472406520892167, guid: 3443e57991823a14b8dc5f50b52c3146, type: 3}
      propertyPath: m_LocalPosition.x
      value: -5.93
      objectReference: {fileID: 0}
    - target: {fileID: 8215472406520892167, guid: 3443e57991823a14b8dc5f50b52c3146, type: 3}
      propertyPath: m_LocalPosition.y
      value: 0
      objectReference: {fileID: 0}
    - target: {fileID: 8215472406520892167, guid: 3443e57991823a14b8dc5f50b52c3146, type: 3}
      propertyPath: m_LocalPosition.z
      value: -1.65
      objectReference: {fileID: 0}
    - target: {fileID: 8215472406520892167, guid: 3443e57991823a14b8dc5f50b52c3146, type: 3}
      propertyPath: m_LocalRotation.w
      value: 1
      objectReference: {fileID: 0}
    - target: {fileID: 8215472406520892167, guid: 3443e57991823a14b8dc5f50b52c3146, type: 3}
      propertyPath: m_LocalRotation.x
      value: 0
      objectReference: {fileID: 0}
    - target: {fileID: 8215472406520892167, guid: 3443e57991823a14b8dc5f50b52c3146, type: 3}
      propertyPath: m_LocalRotation.y
      value: 0
      objectReference: {fileID: 0}
    - target: {fileID: 8215472406520892167, guid: 3443e57991823a14b8dc5f50b52c3146, type: 3}
      propertyPath: m_LocalRotation.z
      value: 0
      objectReference: {fileID: 0}
    - target: {fileID: 8215472406520892167, guid: 3443e57991823a14b8dc5f50b52c3146, type: 3}
      propertyPath: m_LocalEulerAnglesHint.x
      value: 0
      objectReference: {fileID: 0}
    - target: {fileID: 8215472406520892167, guid: 3443e57991823a14b8dc5f50b52c3146, type: 3}
      propertyPath: m_LocalEulerAnglesHint.y
      value: 0
      objectReference: {fileID: 0}
    - target: {fileID: 8215472406520892167, guid: 3443e57991823a14b8dc5f50b52c3146, type: 3}
      propertyPath: m_LocalEulerAnglesHint.z
      value: 0
      objectReference: {fileID: 0}
    - target: {fileID: 8291653784874975685, guid: 3443e57991823a14b8dc5f50b52c3146, type: 3}
      propertyPath: targetFinaleGO
      value: 
      objectReference: {fileID: 9123313871926003520}
    - target: {fileID: 8291653784874975685, guid: 3443e57991823a14b8dc5f50b52c3146, type: 3}
      propertyPath: targetPresi.Array.size
      value: 0
      objectReference: {fileID: 0}
    - target: {fileID: 8291653784874975685, guid: 3443e57991823a14b8dc5f50b52c3146, type: 3}
      propertyPath: targetPresiInit.Array.size
      value: 2
      objectReference: {fileID: 0}
    - target: {fileID: 8291653784874975685, guid: 3443e57991823a14b8dc5f50b52c3146, type: 3}
      propertyPath: targetPresi.Array.data[0].target
      value: 
      objectReference: {fileID: 2269691603778941319}
    - target: {fileID: 8291653784874975685, guid: 3443e57991823a14b8dc5f50b52c3146, type: 3}
      propertyPath: targetPresi.Array.data[1].target
      value: 
      objectReference: {fileID: 5273084276156337996}
    - target: {fileID: 8291653784874975685, guid: 3443e57991823a14b8dc5f50b52c3146, type: 3}
      propertyPath: targetPresi.Array.data[0].entrata
      value: Sopra
      objectReference: {fileID: 0}
    - target: {fileID: 8291653784874975685, guid: 3443e57991823a14b8dc5f50b52c3146, type: 3}
      propertyPath: targetPresi.Array.data[1].entrata
      value: Sopra
      objectReference: {fileID: 0}
    - target: {fileID: 8291653784874975685, guid: 3443e57991823a14b8dc5f50b52c3146, type: 3}
      propertyPath: targetPresiInit.Array.data[0].target
      value: 
      objectReference: {fileID: 2269691603778941319}
    - target: {fileID: 8291653784874975685, guid: 3443e57991823a14b8dc5f50b52c3146, type: 3}
      propertyPath: targetPresiInit.Array.data[1].target
      value: 
      objectReference: {fileID: 5273084276156337996}
    - target: {fileID: 8291653784874975685, guid: 3443e57991823a14b8dc5f50b52c3146, type: 3}
      propertyPath: targetPresiInit.Array.data[0].entrata
      value: Sotto
      objectReference: {fileID: 0}
    - target: {fileID: 8291653784874975685, guid: 3443e57991823a14b8dc5f50b52c3146, type: 3}
      propertyPath: targetPresiInit.Array.data[1].entrata
      value: Sotto
      objectReference: {fileID: 0}
    m_RemovedComponents: []
  m_SourcePrefab: {fileID: 100100000, guid: 3443e57991823a14b8dc5f50b52c3146, type: 3}
--- !u!4 &580803547904637873 stripped
Transform:
  m_CorrespondingSourceObject: {fileID: 8215472406520892167, guid: 3443e57991823a14b8dc5f50b52c3146, type: 3}
  m_PrefabInstance: {fileID: 8794497766959607990}
  m_PrefabAsset: {fileID: 0}
--- !u!1001 &8999306015224378562
PrefabInstance:
  m_ObjectHideFlags: 0
  serializedVersion: 2
  m_Modification:
    m_TransformParent: {fileID: 5029461075644088656}
    m_Modifications:
    - target: {fileID: 4108536845801240378, guid: 1f55f68bc7770a04e8e2436e7476e044, type: 3}
      propertyPath: m_RootOrder
      value: 2
      objectReference: {fileID: 0}
    - target: {fileID: 4108536845801240378, guid: 1f55f68bc7770a04e8e2436e7476e044, type: 3}
      propertyPath: m_LocalPosition.x
      value: 0
      objectReference: {fileID: 0}
    - target: {fileID: 4108536845801240378, guid: 1f55f68bc7770a04e8e2436e7476e044, type: 3}
      propertyPath: m_LocalPosition.y
      value: 0
      objectReference: {fileID: 0}
    - target: {fileID: 4108536845801240378, guid: 1f55f68bc7770a04e8e2436e7476e044, type: 3}
      propertyPath: m_LocalPosition.z
      value: 0
      objectReference: {fileID: 0}
    - target: {fileID: 4108536845801240378, guid: 1f55f68bc7770a04e8e2436e7476e044, type: 3}
      propertyPath: m_LocalRotation.w
      value: 1
      objectReference: {fileID: 0}
    - target: {fileID: 4108536845801240378, guid: 1f55f68bc7770a04e8e2436e7476e044, type: 3}
      propertyPath: m_LocalRotation.x
      value: 0
      objectReference: {fileID: 0}
    - target: {fileID: 4108536845801240378, guid: 1f55f68bc7770a04e8e2436e7476e044, type: 3}
      propertyPath: m_LocalRotation.y
      value: 0
      objectReference: {fileID: 0}
    - target: {fileID: 4108536845801240378, guid: 1f55f68bc7770a04e8e2436e7476e044, type: 3}
      propertyPath: m_LocalRotation.z
      value: 0
      objectReference: {fileID: 0}
    - target: {fileID: 4108536845801240378, guid: 1f55f68bc7770a04e8e2436e7476e044, type: 3}
      propertyPath: m_LocalEulerAnglesHint.x
      value: 0
      objectReference: {fileID: 0}
    - target: {fileID: 4108536845801240378, guid: 1f55f68bc7770a04e8e2436e7476e044, type: 3}
      propertyPath: m_LocalEulerAnglesHint.y
      value: 0
      objectReference: {fileID: 0}
    - target: {fileID: 4108536845801240378, guid: 1f55f68bc7770a04e8e2436e7476e044, type: 3}
      propertyPath: m_LocalEulerAnglesHint.z
      value: 0
      objectReference: {fileID: 0}
    - target: {fileID: 4108536845801240379, guid: 1f55f68bc7770a04e8e2436e7476e044, type: 3}
      propertyPath: m_Name
      value: AmbienteBase
      objectReference: {fileID: 0}
    m_RemovedComponents: []
  m_SourcePrefab: {fileID: 100100000, guid: 1f55f68bc7770a04e8e2436e7476e044, type: 3}
--- !u!4 &5037136947872138232 stripped
Transform:
  m_CorrespondingSourceObject: {fileID: 4108536845801240378, guid: 1f55f68bc7770a04e8e2436e7476e044, type: 3}
  m_PrefabInstance: {fileID: 8999306015224378562}
  m_PrefabAsset: {fileID: 0}
